Workbook
Name A_PRIX_GENERAUX: 'A PRIX GENERAUX'!$A$2:$I$3000
Name L_feuilles: T_feuilles[Liste feuilles]
Name N_MOBILIER: 'N MOBILIER'!$A$2:$I$3000
Name Print_Area: BPU!$B$3:$D$43
Name Print_Area: DPGF!$B$1:$G$4
Name Print_Area: DQE!$B$3:$G$36
Name Print_Titles: BPU!$3:$3
Name Print_Titles: DQE!$3:$3

Sheet DPGF
A4: Choix bordereau | B4: N° | C4: Désignation des ouvrages | D4: U | E4: Q | F4: PU | G4: PT
A5: N_MOBILIER | B5: N | C5: =IF(ISBLANK(B5),"",IFERROR(VLOOKUP(B5,INDIRECT(A5),7,0)," -- Code incorrect --")) -> N - MOBILIER | D5: =IF(ISBLANK(B5),"",IFERROR(VLOOKUP(B5,INDIRECT(A5),9,0)," -- Code incorrect --")) -> 0
A6: N_MOBILIER | B6: N 5 | C6: =IF(ISBLANK(B6),"",IFERROR(VLOOKUP(B6,INDIRECT(A6),7,0)," -- Code incorrect --")) -> BANCS Ce prix rémunère à l’unité, la fourniture et pose de mobilier urbain tel que décris dans le CCTP. Ce prix comprend : le terrassement complémentaire, la confection des massifs de scellement en béton dosé à 350kg/m3 de ciment CP 45, y compris façon de réservation, tiges et platine de fixation éventuelles ou carottage, ou ferraillage, le remblaiement périphérique, y compris le compactage et l'évacuation des matériaux excédentaires aux décharges, La fourniture, le chargement, le transport et le déchargement la mise en place et la fixation du mobilier. | D6: =IF(ISBLANK(B6),"",IFERROR(VLOOKUP(B6,INDIRECT(A6),9,0)," -- Code incorrect --")) -> 0
A7: N_MOBILIER | B7: N 5 a | C7: =IF(ISBLANK(B7),"",IFERROR(VLOOKUP(B7,INDIRECT(A7),7,0)," -- Code incorrect --")) -> Banc "DROIT" conforme aux pièces graphiques et CCTP | D7: =IF(ISBLANK(B7),"",IFERROR(VLOOKUP(B7,INDIRECT(A7),9,0)," -- Code incorrect --")) -> U
A8: N_MOBILIER | B8: N 8 | C8: =IF(ISBLANK(B8),"",IFERROR(VLOOKUP(B8,INDIRECT(A8),7,0)," -- Code incorrect --")) -> CLOU DE CHAUSSEE Ce prix rémunère à l’unité la fourniture et la pose de clous de chaussée en inox, acier peint ou bronze. Ce prix comprend : - la fourniture des clous - les dispositifs de fixation nécessaires, y compris percement d’éléments en pierre naturelle neuve - le remplacement éventuel des éléments en pierre naturelle abimés par le percement - toutes sujétions inhérentes à ce prix. | D8: =IF(ISBLANK(B8),"",IFERROR(VLOOKUP(B8,INDIRECT(A8),9,0)," -- Code incorrect --")) -> 0
A9: N_MOBILIER | B9: N 8 a | C9: =IF(ISBLANK(B9),"",IFERROR(VLOOKUP(B9,INDIRECT(A9),7,0)," -- Code incorrect --")) -> Clous carrés inox brossé 120*120, Fusion de chez UNIVERS & CITE | D9: =IF(ISBLANK(B9),"",IFERROR(VLOOKUP(B9,INDIRECT(A9),9,0)," -- Code incorrect --")) -> U
A10: N_MOBILIER | B10: N 9 | C10: =IF(ISBLANK(B10),"",IFERROR(VLOOKUP(B10,INDIRECT(A10),7,0)," -- Code incorrect --")) -> CORBEILLE Ce prix rémunère à l’unité, la fourniture et pose de mobilier urbain tel que décris dans le CCTP. Ce prix comprend : - la découpe du revêtement de surface et de la couche de fondation à la carotteuse, - le terrassement complémentaire, - la confection des massifs de scellement en béton dosé à 350kg/m3 de ciment CP 45, y compris façon de réservation, tiges et platine de fixation éventuelles ou carottage, ou ferraillage, - le remblaiement périphérique, y compris le compactage et l'évacuation des matériaux excédentaires aux décharges, - le cas échéant le complètement au niveau fini avec un mortier de la teinte du revêtement de surface - La fourniture, le chargement, le transport et le déchargement la mise en place et la fixation du mobilier. | D10: =IF(ISBLANK(B10),"",IFERROR(VLOOKUP(B10,INDIRECT(A10),9,0)," -- Code incorrect --")) -> U
A11: N_MOBILIER | B11: N 13 | C11: =IF(ISBLANK(B11),"",IFERROR(VLOOKUP(B11,INDIRECT(A11),7,0)," -- Code incorrect --")) -> LISSE BOIS Ce prix rémunère la fourniture et pose de lisses bois tel que décris dans le CCTP et les pièces graphiques. Ce prix comprend : - le terrassement complémentaire, - la confection des massifs de scellement en béton dosé à 350kg/m3 de ciment CP 45, y compris façon de réservation, tiges et platine de fixation éventuelles ou carottage, ou ferraillage, - le remblaiement périphérique, y compris le compactage et l'évacuation des matériaux excédentaires aux décharges, La fourniture, le chargement, le transport et le déchargement la mise en place et la fixation des lisses en bois. | D11: =IF(ISBLANK(B11),"",IFERROR(VLOOKUP(B11,INDIRECT(A11),9,0)," -- Code incorrect --")) -> M
A12: N_MOBILIER | B12: N 12 a | C12: =IF(ISBLANK(B12),"",IFERROR(VLOOKUP(B12,INDIRECT(A12),7,0)," -- Code incorrect --")) -> SERI type "Croix St André" 1630mm | D12: =IF(ISBLANK(B12),"",IFERROR(VLOOKUP(B12,INDIRECT(A12),9,0)," -- Code incorrect --")) -> U
A13: A_PRIX_GENERAUX | B13: A 2 | C13: =IF(ISBLANK(B13),"",IFERROR(VLOOKUP(B13,INDIRECT(A13),7,0)," -- Code incorrect --")) -> DOSSIER D'EXECUTION Ce prix rémunère l'établissement de l'ensemble des documents généraux provisoires et définitifs du chantier ci après énumérés, y compris les rectifications et mises à jour éventuelles, les documents provisoires, les notes de calculs et études d’exécution de toutes les parties d’ouvrage. Ce prix comprend : - la rédaction et la fourniture, du plan d'hygiène et de sécurité, les dépenses de fonctionnement du Collège Interentreprises d'Hygiène et de Sécurité, et du Comité Particulier d'Hygiène et de Sécurité, du programme d'exécution des travaux, du projet des installations de chantier, ... - la fourniture de l'ensemble des fiches d'agrément de fournitures et matériaux, - l'ensemble des notes de calculs électroniques et/ou manuelles de stabilité, de ferraillage de toutes les parties d’ouvrages provisoires et définitives ainsi que la vérification des fondations avec la portance des sols rencontrés, conformément aux règlements et dispositions de bonne construction - l'ensemble des plans d'implantation des ouvrages, - l'ensemble des plans d’exécution de coffrage, ferraillage de toutes les parties d’ouvrages provisoires et définitives, - l'ensemble des modifications ou adjonctions des notes de calculs, des plans d’exécution, dues à une situation impondérable ou impromptue, - la mise à jour des plans et des notes de calculs, conformément à l’ouvrage exécuté sous la conduite du mandataire, -les métrés d'exécution, - les vacations du bureau d’études de l’entrepreneur qui doit être représenté en tant que de besoin aux réunions de chantier. Ce prix se règle : - Trente trois pour cent (33 %) du forfait au cours du mois qui suit la date de notification de l’ordre de service de commencer les travaux, - Trente trois pour cent (33 %) du forfait à mi-délai d’exécution contractuel, - Le solde du forfait à la fourniture d’un dossier comprenant toutes les pièces du dossier d’exécution conformément à l’ouvrage exécuté. | D13: =IF(ISBLANK(B13),"",IFERROR(VLOOKUP(B13,INDIRECT(A13),9,0)," -- Code incorrect --")) -> F
C14: =IF(ISBLANK(B14),"",IFERROR(VLOOKUP(B14,INDIRECT(A14),7,0)," -- Code incorrect --")) | D14: =IF(ISBLANK(B14),"",IFERROR(VLOOKUP(B14,INDIRECT(A14),9,0)," -- Code incorrect --"))

Sheet DQE
A3: Choix bordereau | B3: N° | C3: Désignation des ouvrages | D3: U | E3: Q | F3: PU | G3: PT
A4: =IF(DPGF!A5="","",DPGF!A5) -> N_MOBILIER | B4: =IF(DPGF!#REF!="","",DPGF!#REF!) -> #REF! | C4: =IF(ISBLANK(B4)," ",IF(ISNA(VLOOKUP(B4,INDIRECT(A4),1,0))," -- Code incorrect --",VLOOKUP(B4,INDIRECT(A4),5,0))) -> #REF! | D4: =IF(ISBLANK(B4)," ",IF(ISNA(VLOOKUP(B4,INDIRECT(A4),1,0))," -- Code incorrect --",VLOOKUP(B4,INDIRECT(A4),9,0))) -> #REF! | G4: =IF(E4>0,SUM(E4*F4),"")
A5: =IF(DPGF!A6="","",DPGF!A6) -> N_MOBILIER | B5: A 1 | C5: =IF(ISBLANK(B5)," ",IF(ISNA(VLOOKUP(B5,INDIRECT(A5),1,0))," -- Code incorrect --",VLOOKUP(B5,INDIRECT(A5),5,0))) -> -- Code incorrect -- | D5: =IF(ISBLANK(B5)," ",IF(ISNA(VLOOKUP(B5,INDIRECT(A5),1,0))," -- Code incorrect --",VLOOKUP(B5,INDIRECT(A5),9,0))) -> -- Code incorrect -- | G5: =IF(E5>0,SUM(E5*F5),"")
A6: =IF(DPGF!A7="","",DPGF!A7) -> N_MOBILIER | B6: =IF(DPGF!#REF!="","",DPGF!#REF!) -> #REF! | C6: =IF(ISBLANK(B6)," ",IF(ISNA(VLOOKUP(B6,INDIRECT(A6),1,0))," -- Code incorrect --",VLOOKUP(B6,INDIRECT(A6),5,0))) -> #REF! | D6: =IF(ISBLANK(B6)," ",IF(ISNA(VLOOKUP(B6,INDIRECT(A6),1,0))," -- Code incorrect --",VLOOKUP(B6,INDIRECT(A6),9,0))) -> #REF! | G6: =IF(E6>0,SUM(E6*F6),"")
A7: =IF(DPGF!A8="","",DPGF!A8) -> N_MOBILIER | B7: B 2 | C7: =IF(ISBLANK(B7)," ",IF(ISNA(VLOOKUP(B7,INDIRECT(A7),1,0))," -- Code incorrect --",VLOOKUP(B7,INDIRECT(A7),5,0))) -> -- Code incorrect -- | D7: =IF(ISBLANK(B7)," ",IF(ISNA(VLOOKUP(B7,INDIRECT(A7),1,0))," -- Code incorrect --",VLOOKUP(B7,INDIRECT(A7),9,0))) -> -- Code incorrect -- | G7: =IF(E7>0,SUM(E7*F7),"")
A8: =IF(DPGF!A9="","",DPGF!A9) -> N_MOBILIER
A9: =IF(DPGF!A10="","",DPGF!A10) -> N_MOBILIER | B9: =IF(DPGF!#REF!="","",DPGF!#REF!) -> #REF! | C9: =IF(ISBLANK(B9)," ",IF(ISNA(VLOOKUP(B9,INDIRECT(A9),1,0))," -- Code incorrect --",VLOOKUP(B9,INDIRECT(A9),5,0))) -> #REF! | D9: =IF(ISBLANK(B9)," ",IF(ISNA(VLOOKUP(B9,INDIRECT(A9),1,0))," -- Code incorrect --",VLOOKUP(B9,INDIRECT(A9),9,0))) -> #REF! | G9: =IF(E9>0,SUM(E9*F9),"")
A10: =IF(DPGF!A11="","",DPGF!A11) -> N_MOBILIER | B10: =IF(DPGF!#REF!="","",DPGF!#REF!) -> #REF! | C10: =IF(ISBLANK(B10)," ",IF(ISNA(VLOOKUP(B10,INDIRECT(A10),1,0))," -- Code incorrect --",VLOOKUP(B10,INDIRECT(A10),5,0))) -> #REF! | D10: =IF(ISBLANK(B10)," ",IF(ISNA(VLOOKUP(B10,INDIRECT(A10),1,0))," -- Code incorrect --",VLOOKUP(B10,INDIRECT(A10),9,0))) -> #REF! | G10: =IF(E10>0,SUM(E10*F10),"")
A11: =IF(DPGF!A12="","",DPGF!A12) -> N_MOBILIER | B11: =IF(DPGF!#REF!="","",DPGF!#REF!) -> #REF! | C11: =IF(ISBLANK(B11)," ",IF(ISNA(VLOOKUP(B11,INDIRECT(A11),1,0))," -- Code incorrect --",VLOOKUP(B11,INDIRECT(A11),5,0))) -> #REF! | D11: =IF(ISBLANK(B11)," ",IF(ISNA(VLOOKUP(B11,INDIRECT(A11),1,0))," -- Code incorrect --",VLOOKUP(B11,INDIRECT(A11),9,0))) -> #REF! | G11: =IF(E11>0,SUM(E11*F11),"")
A12: =IF(DPGF!A15="","",DPGF!A15)
A13: =IF(DPGF!A16="","",DPGF!A16) | B13: =IF(DPGF!#REF!="","",DPGF!#REF!) -> #REF! | C13: =IF(ISBLANK(B13)," ",IF(ISNA(VLOOKUP(B13,INDIRECT(A13),1,0))," -- Code incorrect --",VLOOKUP(B13,INDIRECT(A13),5,0))) -> #REF! | D13: =IF(ISBLANK(B13)," ",IF(ISNA(VLOOKUP(B13,INDIRECT(A13),1,0))," -- Code incorrect --",VLOOKUP(B13,INDIRECT(A13),9,0))) -> #REF! | G13: =IF(E13>0,SUM(E13*F13),"")
A14: =IF(DPGF!A17="","",DPGF!A17)
A15: =IF(DPGF!A18="","",DPGF!A18) | B15: =IF(DPGF!#REF!="","",DPGF!#REF!) -> #REF! | C15: =IF(ISBLANK(B15)," ",IF(ISNA(VLOOKUP(B15,INDIRECT(A15),1,0))," -- Code incorrect --",VLOOKUP(B15,INDIRECT(A15),5,0))) -> #REF! | D15: =IF(ISBLANK(B15)," ",IF(ISNA(VLOOKUP(B15,INDIRECT(A15),1,0))," -- Code incorrect --",VLOOKUP(B15,INDIRECT(A15),9,0))) -> #REF! | G15: =IF(E15>0,SUM(E15*F15),"")
A16: =IF(DPGF!A19="","",DPGF!A19) | B16: =IF(DPGF!#REF!="","",DPGF!#REF!) -> #REF! | C16: =IF(ISBLANK(B16)," ",IF(ISNA(VLOOKUP(B16,INDIRECT(A16),1,0))," -- Code incorrect --",VLOOKUP(B16,INDIRECT(A16),5,0))) -> #REF! | D16: =IF(ISBLANK(B16)," ",IF(ISNA(VLOOKUP(B16,INDIRECT(A16),1,0))," -- Code incorrect --",VLOOKUP(B16,INDIRECT(A16),9,0))) -> #REF! | G16: =IF(E16>0,SUM(E16*F16),"")
A17: =IF(DPGF!A20="","",DPGF!A20) | B17: =IF(DPGF!#REF!="","",DPGF!#REF!) -> #REF! | C17: =IF(ISBLANK(B17)," ",IF(ISNA(VLOOKUP(B17,INDIRECT(A17),1,0))," -- Code incorrect --",VLOOKUP(B17,INDIRECT(A17),5,0))) -> #REF! | D17: =IF(ISBLANK(B17)," ",IF(ISNA(VLOOKUP(B17,INDIRECT(A17),1,0))," -- Code incorrect --",VLOOKUP(B17,INDIRECT(A17),9,0))) -> #REF! | G17: =IF(E17>0,SUM(E17*F17),"")
A18: =IF(DPGF!A21="","",DPGF!A21) | B18: =IF(DPGF!#REF!="","",DPGF!#REF!) -> #REF! | C18: =IF(ISBLANK(B18)," ",IF(ISNA(VLOOKUP(B18,INDIRECT(A18),1,0))," -- Code incorrect --",VLOOKUP(B18,INDIRECT(A18),5,0))) -> #REF! | D18: =IF(ISBLANK(B18)," ",IF(ISNA(VLOOKUP(B18,INDIRECT(A18),1,0))," -- Code incorrect --",VLOOKUP(B18,INDIRECT(A18),9,0))) -> #REF! | G18: =IF(E18>0,SUM(E18*F18),"")
A19: =IF(DPGF!A22="","",DPGF!A22) | B19: =IF(DPGF!#REF!="","",DPGF!#REF!) -> #REF! | C19: =IF(ISBLANK(B19)," ",IF(ISNA(VLOOKUP(B19,INDIRECT(A19),1,0))," -- Code incorrect --",VLOOKUP(B19,INDIRECT(A19),5,0))) -> #REF! | D19: =IF(ISBLANK(B19)," ",IF(ISNA(VLOOKUP(B19,INDIRECT(A19),1,0))," -- Code incorrect --",VLOOKUP(B19,INDIRECT(A19),9,0))) -> #REF! | G19: =IF(E19>0,SUM(E19*F19),"")
A20: =IF(DPGF!A23="","",DPGF!A23) | B20: =IF(DPGF!#REF!="","",DPGF!#REF!) -> #REF! | C20: =IF(ISBLANK(B20)," ",IF(ISNA(VLOOKUP(B20,INDIRECT(A20),1,0))," -- Code incorrect --",VLOOKUP(B20,INDIRECT(A20),5,0))) -> #REF! | D20: =IF(ISBLANK(B20)," ",IF(ISNA(VLOOKUP(B20,INDIRECT(A20),1,0))," -- Code incorrect --",VLOOKUP(B20,INDIRECT(A20),9,0))) -> #REF! | G20: =IF(E20>0,SUM(E20*F20),"")
A21: =IF(DPGF!A24="","",DPGF!A24) | B21: =IF(DPGF!#REF!="","",DPGF!#REF!) -> #REF! | C21: =IF(ISBLANK(B21)," ",IF(ISNA(VLOOKUP(B21,INDIRECT(A21),1,0))," -- Code incorrect --",VLOOKUP(B21,INDIRECT(A21),5,0))) -> #REF! | D21: =IF(ISBLANK(B21)," ",IF(ISNA(VLOOKUP(B21,INDIRECT(A21),1,0))," -- Code incorrect --",VLOOKUP(B21,INDIRECT(A21),9,0))) -> #REF! | G21: =IF(E21>0,SUM(E21*F21),"")
A22: =IF(DPGF!A25="","",DPGF!A25) | B22: =IF(DPGF!#REF!="","",DPGF!#REF!) -> #REF! | C22: =IF(ISBLANK(B22)," ",IF(ISNA(VLOOKUP(B22,INDIRECT(A22),1,0))," -- Code incorrect --",VLOOKUP(B22,INDIRECT(A22),5,0))) -> #REF! | D22: =IF(ISBLANK(B22)," ",IF(ISNA(VLOOKUP(B22,INDIRECT(A22),1,0))," -- Code incorrect --",VLOOKUP(B22,INDIRECT(A22),9,0))) -> #REF! | G22: =IF(E22>0,SUM(E22*F22),"")
A23: =IF(DPGF!A26="","",DPGF!A26) | B23: =IF(DPGF!#REF!="","",DPGF!#REF!) -> #REF! | C23: =IF(ISBLANK(B23)," ",IF(ISNA(VLOOKUP(B23,INDIRECT(A23),1,0))," -- Code incorrect --",VLOOKUP(B23,INDIRECT(A23),5,0))) -> #REF! | D23: =IF(ISBLANK(B23)," ",IF(ISNA(VLOOKUP(B23,INDIRECT(A23),1,0))," -- Code incorrect --",VLOOKUP(B23,INDIRECT(A23),9,0))) -> #REF! | G23: =IF(E23>0,SUM(E23*F23),"")
A24: =IF(DPGF!A27="","",DPGF!A27) | B24: =IF(DPGF!#REF!="","",DPGF!#REF!) -> #REF! | C24: =IF(ISBLANK(B24)," ",IF(ISNA(VLOOKUP(B24,INDIRECT(A24),1,0))," -- Code incorrect --",VLOOKUP(B24,INDIRECT(A24),5,0))) -> #REF! | D24: =IF(ISBLANK(B24)," ",IF(ISNA(VLOOKUP(B24,INDIRECT(A24),1,0))," -- Code incorrect --",VLOOKUP(B24,INDIRECT(A24),9,0))) -> #REF! | G24: =IF(E24>0,SUM(E24*F24),"")
A25: =IF(DPGF!A28="","",DPGF!A28) | B25: =IF(DPGF!#REF!="","",DPGF!#REF!) -> #REF! | C25: =IF(ISBLANK(B25)," ",IF(ISNA(VLOOKUP(B25,INDIRECT(A25),1,0))," -- Code incorrect --",VLOOKUP(B25,INDIRECT(A25),5,0))) -> #REF! | D25: =IF(ISBLANK(B25)," ",IF(ISNA(VLOOKUP(B25,INDIRECT(A25),1,0))," -- Code incorrect --",VLOOKUP(B25,INDIRECT(A25),9,0))) -> #REF! | G25: =IF(E25>0,SUM(E25*F25),"")
A26: =IF(DPGF!A29="","",DPGF!A29)
A27: =IF(DPGF!A30="","",DPGF!A30) | B27: =IF(DPGF!#REF!="","",DPGF!#REF!) -> #REF! | C27: =IF(ISBLANK(B27)," ",IF(ISNA(VLOOKUP(B27,INDIRECT(A27),1,0))," -- Code incorrect --",VLOOKUP(B27,INDIRECT(A27),5,0))) -> #REF! | D27: =IF(ISBLANK(B27)," ",IF(ISNA(VLOOKUP(B27,INDIRECT(A27),1,0))," -- Code incorrect --",VLOOKUP(B27,INDIRECT(A27),9,0))) -> #REF! | G27: =IF(E27>0,SUM(E27*F27),"")
A28: =IF(DPGF!A31="","",DPGF!A31)
C29: =IF(ISBLANK(B29)," ",IF(ISNA(VLOOKUP(B29,INDIRECT(#REF!),1,0))," -- Code incorrect --",VLOOKUP(B29,INDIRECT(#REF!),7,0))) | D29: =IF(ISBLANK(B29)," ",IF(ISNA(VLOOKUP(B29,INDIRECT(#REF!),1,0))," -- Code incorrect --",VLOOKUP(B29,INDIRECT(#REF!),9,0))) | G29: =IF(E29>0,SUM(E29*F29),"")
D30: TOTAL H.T | G30: =SUM(G5:G27) -> 0
D32: TVA 20,00 % | G32: =G30*0.2 -> 0
D34: TOTAL T.T.C | G34: =SUM(G30:G32) -> 0

Sheet BPU
B1: =DPGF!A1 -> 0
B2: =DPGF!A2 -> 0
B3: N° des prix | C3: Désignation des ouvrages et prix H.T. en toutes lettres | D3: prix H.T. en chiffres
A4: =DPGF!#REF! -> #REF! | B4: =DPGF!#REF! -> #REF! | C4: =IF(ISBLANK(B4)," ",IF(ISNA(VLOOKUP(B4,INDIRECT(A4),1,0))," -- Code incorrect --",VLOOKUP(B4,INDIRECT(A4),7,0)&CHAR(10)&VLOOKUP(B4,INDIRECT(A4),8,0))) -> #REF!
A5: =DPGF!#REF! -> #REF! | B5: =DPGF!#REF! -> #REF! | C5: =IF(ISBLANK(B5)," ",IF(ISNA(VLOOKUP(B5,INDIRECT(A5),1,0))," -- Code incorrect --",VLOOKUP(B5,INDIRECT(A5),7,0)&CHAR(10)&VLOOKUP(B5,INDIRECT(A5),8,0))) -> #REF!
A7: =DPGF!#REF! -> #REF! | B7: =DPGF!#REF! -> #REF! | C7: =IF(ISBLANK(B7)," ",IF(ISNA(VLOOKUP(B7,INDIRECT(A7),1,0))," -- Code incorrect --",VLOOKUP(B7,INDIRECT(A7),7,0)&CHAR(10)&VLOOKUP(B7,INDIRECT(A7),8,0))) -> #REF!
A8: =DPGF!#REF! -> #REF! | B8: =DPGF!#REF! -> #REF! | C8: =IF(ISBLANK(B8)," ",IF(ISNA(VLOOKUP(B8,INDIRECT(A8),1,0))," -- Code incorrect --",VLOOKUP(B8,INDIRECT(A8),7,0)&CHAR(10)&VLOOKUP(B8,INDIRECT(A8),8,0))) -> #REF!
A9: =DPGF!#REF! -> #REF! | B9: =DPGF!#REF! -> #REF! | C9: =IF(ISBLANK(B9)," ",IF(ISNA(VLOOKUP(B9,INDIRECT(A9),1,0))," -- Code incorrect --",VLOOKUP(B9,INDIRECT(A9),7,0)&CHAR(10)&VLOOKUP(B9,INDIRECT(A9),8,0))) -> #REF!
A10: =DPGF!#REF! -> #REF! | B10: =DPGF!#REF! -> #REF! | C10: =IF(ISBLANK(B10)," ",IF(ISNA(VLOOKUP(B10,INDIRECT(A10),1,0))," -- Code incorrect --",VLOOKUP(B10,INDIRECT(A10),7,0)&CHAR(10)&VLOOKUP(B10,INDIRECT(A10),8,0))) -> #REF!
A11: =DPGF!#REF! -> #REF! | B11: =DPGF!#REF! -> #REF! | C11: =IF(ISBLANK(B11)," ",IF(ISNA(VLOOKUP(B11,INDIRECT(A11),1,0))," -- Code incorrect --",VLOOKUP(B11,INDIRECT(A11),7,0)&CHAR(10)&VLOOKUP(B11,INDIRECT(A11),8,0))) -> #REF!
A12: =DPGF!#REF! -> #REF! | B12: =DPGF!#REF! -> #REF! | C12: =IF(ISBLANK(B12)," ",IF(ISNA(VLOOKUP(B12,INDIRECT(A12),1,0))," -- Code incorrect --",VLOOKUP(B12,INDIRECT(A12),7,0)&CHAR(10)&VLOOKUP(B12,INDIRECT(A12),8,0))) -> #REF!
A13: =DPGF!#REF! -> #REF! | B13: =DPGF!#REF! -> #REF! | C13: =IF(ISBLANK(B13)," ",IF(ISNA(VLOOKUP(B13,INDIRECT(A13),1,0))," -- Code incorrect --",VLOOKUP(B13,INDIRECT(A13),7,0)&CHAR(10)&VLOOKUP(B13,INDIRECT(A13),8,0))) -> #REF!
A14: =DPGF!#REF! -> #REF! | B14: =DPGF!#REF! -> #REF! | C14: =IF(ISBLANK(B14)," ",IF(ISNA(VLOOKUP(B14,INDIRECT(A14),1,0))," -- Code incorrect --",VLOOKUP(B14,INDIRECT(A14),7,0)&CHAR(10)&VLOOKUP(B14,INDIRECT(A14),8,0))) -> #REF!
A15: =DPGF!#REF! -> #REF! | B15: =DPGF!#REF! -> #REF! | C15: =IF(ISBLANK(B15)," ",IF(ISNA(VLOOKUP(B15,INDIRECT(A15),1,0))," -- Code incorrect --",VLOOKUP(B15,INDIRECT(A15),7,0)&CHAR(10)&VLOOKUP(B15,INDIRECT(A15),8,0))) -> #REF!
A16: =DPGF!#REF! -> #REF! | B16: =DPGF!#REF! -> #REF! | C16: =IF(ISBLANK(B16)," ",IF(ISNA(VLOOKUP(B16,INDIRECT(A16),1,0))," -- Code incorrect --",VLOOKUP(B16,INDIRECT(A16),7,0)&CHAR(10)&VLOOKUP(B16,INDIRECT(A16),8,0))) -> #REF!
... A46: =DPGF!#REF! -> #REF! | B46: =DPGF!#REF! -> #REF! | C46: =IF(ISBLANK(B46)," ",IF(ISNA(VLOOKUP(B46,INDIRECT(A46),1,0))," -- Code incorrect --",VLOOKUP(B46,INDIRECT(A46),7,0)&CHAR(10)&VLOOKUP(B46,INDIRECT(A46),8,0))) -> #REF!
A47: =DPGF!#REF! -> #REF! | B47: =DPGF!#REF! -> #REF!
A48: =DPGF!#REF! -> #REF! | B48: =DPGF!#REF! -> #REF! | C48: =IF(ISBLANK(B48)," ",IF(ISNA(VLOOKUP(B48,INDIRECT(A48),1,0))," -- Code incorrect --",VLOOKUP(B48,INDIRECT(A48),7,0)&CHAR(10)&VLOOKUP(B48,INDIRECT(A48),8,0))) -> #REF!
A49: =DPGF!#REF! -> #REF! | B49: =DPGF!#REF! -> #REF! | C49: CONTRÔLE DE PERMEABILITE DE COUCHE DRAINANTE Ce prix rémunère au forfait, les contrôles de perméabilité de la couche drainante conformément aux prescriptions énoncées dans le C.C.T.P et comprend notamment : • La réalisation des essais par un laboratoire agrée indépendant. Le laboratoire devra être agrée par le maître d'œuvre, • Les essais devront être réalisés tous les 200 m². L'entrepreneur proposera au maître d'œuvre la position des essais sur un plan pour agrément du maître d'œuvre, • Les essais seront transmis directement au maître d'œuvre en 3 exemplaires papiers • Toutes sujétions et aléas LE FORFAIT :
A50: =DPGF!#REF! -> #REF! | B50: =DPGF!#REF! -> #REF! | C50: CONTRÔLE DE PERMEABILITE DE COUCHE DRAINANTE Ce prix rémunère au forfait, les contrôles de perméabilité de la couche drainante conformément aux prescriptions énoncées dans le C.C.T.P et comprend notamment : • La réalisation des essais par un laboratoire agrée indépendant. Le laboratoire devra être agrée par le maître d'œuvre, • Les essais devront être réalisés tous les 200 m². L'entrepreneur proposera au maître d'œuvre la position des essais sur un plan pour agrément du maître d'œuvre, • Les essais seront transmis directement au maître d'œuvre en 3 exemplaires papiers • Toutes sujétions et aléas LE FORFAIT :
A51: =DPGF!#REF! -> #REF! | B51: =DPGF!#REF! -> #REF! | C51: CONTRÔLE DE PERMEABILITE DE COUCHE DRAINANTE Ce prix rémunère au forfait, les contrôles de perméabilité de la couche drainante conformément aux prescriptions énoncées dans le C.C.T.P et comprend notamment : • La réalisation des essais par un laboratoire agrée indépendant. Le laboratoire devra être agrée par le maître d'œuvre, • Les essais devront être réalisés tous les 200 m². L'entrepreneur proposera au maître d'œuvre la position des essais sur un plan pour agrément du maître d'œuvre, • Les essais seront transmis directement au maître d'œuvre en 3 exemplaires papiers • Toutes sujétions et aléas LE FORFAIT :
A52: =DPGF!#REF! -> #REF! | B52: =DPGF!#REF! -> #REF! | C52: CONTRÔLE DE PERMEABILITE DE COUCHE DRAINANTE Ce prix rémunère au forfait, les contrôles de perméabilité de la couche drainante conformément aux prescriptions énoncées dans le C.C.T.P et comprend notamment : • La réalisation des essais par un laboratoire agrée indépendant. Le laboratoire devra être agrée par le maître d'œuvre, • Les essais devront être réalisés tous les 200 m². L'entrepreneur proposera au maître d'œuvre la position des essais sur un plan pour agrément du maître d'œuvre, • Les essais seront transmis directement au maître d'œuvre en 3 exemplaires papiers • Toutes sujétions et aléas LE FORFAIT :
A53: =DPGF!#REF! -> #REF! | B53: =DPGF!#REF! -> #REF! | C53: CONTRÔLE DE PERMEABILITE DE COUCHE DRAINANTE Ce prix rémunère au forfait, les contrôles de perméabilité de la couche drainante conformément aux prescriptions énoncées dans le C.C.T.P et comprend notamment : • La réalisation des essais par un laboratoire agrée indépendant. Le laboratoire devra être agrée par le maître d'œuvre, • Les essais devront être réalisés tous les 200 m². L'entrepreneur proposera au maître d'œuvre la position des essais sur un plan pour agrément du maître d'œuvre, • Les essais seront transmis directement au maître d'œuvre en 3 exemplaires papiers • Toutes sujétions et aléas LE FORFAIT :
A54: =DPGF!#REF! -> #REF! | B54: =DPGF!#REF! -> #REF! | C54: CONTRÔLE DE PERMEABILITE DE COUCHE DRAINANTE Ce prix rémunère au forfait, les contrôles de perméabilité de la couche drainante conformément aux prescriptions énoncées dans le C.C.T.P et comprend notamment : • La réalisation des essais par un laboratoire agrée indépendant. Le laboratoire devra être agrée par le maître d'œuvre, • Les essais devront être réalisés tous les 200 m². L'entrepreneur proposera au maître d'œuvre la position des essais sur un plan pour agrément du maître d'œuvre, • Les essais seront transmis directement au maître d'œuvre en 3 exemplaires papiers • Toutes sujétions et aléas LE FORFAIT :
A55: =DPGF!#REF! -> #REF! | B55: =DPGF!#REF! -> #REF! | C55: =IF(ISBLANK(B55)," ",IF(ISNA(VLOOKUP(B55,INDIRECT(A55),1,0))," -- Code incorrect --",VLOOKUP(B55,INDIRECT(A55),7,0)&CHAR(10)&VLOOKUP(B55,INDIRECT(A55),8,0))) -> #REF!
A56: =DPGF!#REF! -> #REF! | B56: =DPGF!#REF! -> #REF! | C56: =IF(ISBLANK(B56)," ",IF(ISNA(VLOOKUP(B56,INDIRECT(A56),1,0))," -- Code incorrect --",VLOOKUP(B56,INDIRECT(A56),7,0)&CHAR(10)&VLOOKUP(B56,INDIRECT(A56),8,0))) -> #REF!
A57: =DPGF!#REF! -> #REF! | B57: =DPGF!#REF! -> #REF! | C57: =IF(ISBLANK(B57)," ",IF(ISNA(VLOOKUP(B57,INDIRECT(A57),1,0))," -- Code incorrect --",VLOOKUP(B57,INDIRECT(A57),7,0)&CHAR(10)&VLOOKUP(B57,INDIRECT(A57),8,0))) -> #REF!
A58: =DPGF!#REF! -> #REF! | B58: =DPGF!#REF! -> #REF! | C58: =IF(ISBLANK(B58)," ",IF(ISNA(VLOOKUP(B58,INDIRECT(A58),1,0))," -- Code incorrect --",VLOOKUP(B58,INDIRECT(A58),7,0)&CHAR(10)&VLOOKUP(B58,INDIRECT(A58),8,0))) -> #REF!
A60: =DPGF!#REF! -> #REF! | B60: =DPGF!#REF! -> #REF! | C60: =IF(ISBLANK(B60)," ",IF(ISNA(VLOOKUP(B60,INDIRECT(A60),1,0))," -- Code incorrect --",VLOOKUP(B60,INDIRECT(A60),7,0)&CHAR(10)&VLOOKUP(B60,INDIRECT(A60),8,0))) -> #REF!
A61: =DPGF!#REF! -> #REF! | B61: =DPGF!#REF! -> #REF! | C61: =IF(ISBLANK(B61)," ",IF(ISNA(VLOOKUP(B61,INDIRECT(A61),1,0))," -- Code incorrect --",VLOOKUP(B61,INDIRECT(A61),7,0)&CHAR(10)&VLOOKUP(B61,INDIRECT(A61),8,0))) -> #REF!
A62: =DPGF!#REF! -> #REF! | B62: =DPGF!#REF! -> #REF! | C62: =IF(ISBLANK(B62)," ",IF(ISNA(VLOOKUP(B62,INDIRECT(A62),1,0))," -- Code incorrect --",VLOOKUP(B62,INDIRECT(A62),7,0)&CHAR(10)&VLOOKUP(B62,INDIRECT(A62),8,0))) -> #REF!
A63: =DPGF!#REF! -> #REF! | B63: =DPGF!#REF! -> #REF! | C63: =IF(ISBLANK(B63)," ",IF(ISNA(VLOOKUP(B63,INDIRECT(A63),1,0))," -- Code incorrect --",VLOOKUP(B63,INDIRECT(A63),7,0)&CHAR(10)&VLOOKUP(B63,INDIRECT(A63),8,0))) -> #REF!
A64: =DPGF!#REF! -> #REF! | B64: =DPGF!#REF! -> #REF! | C64: =IF(ISBLANK(B64)," ",IF(ISNA(VLOOKUP(B64,INDIRECT(A64),1,0))," -- Code incorrect --",VLOOKUP(B64,INDIRECT(A64),7,0)&CHAR(10)&VLOOKUP(B64,INDIRECT(A64),8,0))) -> #REF!
A65: =DPGF!#REF! -> #REF! | B65: =DPGF!#REF! -> #REF! | C65: =IF(ISBLANK(B65)," ",IF(ISNA(VLOOKUP(B65,INDIRECT(A65),1,0))," -- Code incorrect --",VLOOKUP(B65,INDIRECT(A65),7,0)&CHAR(10)&VLOOKUP(B65,INDIRECT(A65),8,0))) -> #REF!
A66: =DPGF!#REF! -> #REF! | B66: =DPGF!#REF! -> #REF! | C66: =IF(ISBLANK(B66)," ",IF(ISNA(VLOOKUP(B66,INDIRECT(A66),1,0))," -- Code incorrect --",VLOOKUP(B66,INDIRECT(A66),7,0)&CHAR(10)&VLOOKUP(B66,INDIRECT(A66),8,0))) -> #REF!
A67: =DPGF!#REF! -> #REF! | B67: =DPGF!#REF! -> #REF! | C67: =IF(ISBLANK(B67)," ",IF(ISNA(VLOOKUP(B67,INDIRECT(A67),1,0))," -- Code incorrect --",VLOOKUP(B67,INDIRECT(A67),7,0)&CHAR(10)&VLOOKUP(B67,INDIRECT(A67),8,0))) -> #REF!
A68: =DPGF!#REF! -> #REF! | B68: =DPGF!#REF! -> #REF!
A69: =DPGF!#REF! -> #REF! | B69: =DPGF!#REF! -> #REF! | C69: =IF(ISBLANK(B69)," ",IF(ISNA(VLOOKUP(B69,INDIRECT(A69),1,0))," -- Code incorrect --",VLOOKUP(B69,INDIRECT(A69),7,0)&CHAR(10)&VLOOKUP(B69,INDIRECT(A69),8,0))) -> #REF!
A70: =DPGF!#REF! -> #REF! | B70: =DPGF!#REF! -> #REF! | C70: =IF(ISBLANK(B70)," ",IF(ISNA(VLOOKUP(B70,INDIRECT(A70),1,0))," -- Code incorrect --",VLOOKUP(B70,INDIRECT(A70),7,0)&CHAR(10)&VLOOKUP(B70,INDIRECT(A70),8,0))) -> #REF!
A71: =DPGF!#REF! -> #REF! | B71: =DPGF!#REF! -> #REF! | C71: =IF(ISBLANK(B71)," ",IF(ISNA(VLOOKUP(B71,INDIRECT(A71),1,0))," -- Code incorrect --",VLOOKUP(B71,INDIRECT(A71),7,0)&CHAR(10)&VLOOKUP(B71,INDIRECT(A71),8,0))) -> #REF!
A72: =DPGF!#REF! -> #REF! | B72: =DPGF!#REF! -> #REF! | C72: =IF(ISBLANK(B72)," ",IF(ISNA(VLOOKUP(B72,INDIRECT(A72),1,0))," -- Code incorrect --",VLOOKUP(B72,INDIRECT(A72),7,0)&CHAR(10)&VLOOKUP(B72,INDIRECT(A72),8,0))) -> #REF!
A73: =DPGF!#REF! -> #REF! | B73: =DPGF!#REF! -> #REF! | C73: =IF(ISBLANK(B73)," ",IF(ISNA(VLOOKUP(B73,INDIRECT(A73),1,0))," -- Code incorrect --",VLOOKUP(B73,INDIRECT(A73),7,0)&CHAR(10)&VLOOKUP(B73,INDIRECT(A73),8,0))) -> #REF!
A74: =DPGF!#REF! -> #REF! | B74: =DPGF!#REF! -> #REF! | C74: =IF(ISBLANK(B74)," ",IF(ISNA(VLOOKUP(B74,INDIRECT(A74),1,0))," -- Code incorrect --",VLOOKUP(B74,INDIRECT(A74),7,0)&CHAR(10)&VLOOKUP(B74,INDIRECT(A74),8,0))) -> #REF!
A75: =DPGF!#REF! -> #REF! | B75: =DPGF!#REF! -> #REF! | C75: =IF(ISBLANK(B75)," ",IF(ISNA(VLOOKUP(B75,INDIRECT(A75),1,0))," -- Code incorrect --",VLOOKUP(B75,INDIRECT(A75),7,0)&CHAR(10)&VLOOKUP(B75,INDIRECT(A75),8,0))) -> #REF!
A76: =DPGF!#REF! -> #REF! | B76: =DPGF!#REF! -> #REF!
A77: =DPGF!#REF! -> #REF! | B77: =DPGF!#REF! -> #REF! | C77: =IF(ISBLANK(B77)," ",IF(ISNA(VLOOKUP(B77,INDIRECT(A77),1,0))," -- Code incorrect --",VLOOKUP(B77,INDIRECT(A77),7,0)&CHAR(10)&VLOOKUP(B77,INDIRECT(A77),8,0))) -> #REF!
A78: =DPGF!#REF! -> #REF! | B78: =DPGF!#REF! -> #REF! | C78: =IF(ISBLANK(B78)," ",IF(ISNA(VLOOKUP(B78,INDIRECT(A78),1,0))," -- Code incorrect --",VLOOKUP(B78,INDIRECT(A78),7,0)&CHAR(10)&VLOOKUP(B78,INDIRECT(A78),8,0))) -> #REF!
A79: =DPGF!#REF! -> #REF! | B79: =DPGF!#REF! -> #REF! | C79: =IF(ISBLANK(B79)," ",IF(ISNA(VLOOKUP(B79,INDIRECT(A79),1,0))," -- Code incorrect --",VLOOKUP(B79,INDIRECT(A79),7,0)&CHAR(10)&VLOOKUP(B79,INDIRECT(A79),8,0))) -> #REF!
A80: =DPGF!#REF! -> #REF! | B80: =DPGF!#REF! -> #REF! | C80: =IF(ISBLANK(B80)," ",IF(ISNA(VLOOKUP(B80,INDIRECT(A80),1,0))," -- Code incorrect --",VLOOKUP(B80,INDIRECT(A80),7,0)&CHAR(10)&VLOOKUP(B80,INDIRECT(A80),8,0))) -> #REF!
A81: =DPGF!#REF! -> #REF! | B81: =DPGF!#REF! -> #REF! | C81: =IF(ISBLANK(B81)," ",IF(ISNA(VLOOKUP(B81,INDIRECT(A81),1,0))," -- Code incorrect --",VLOOKUP(B81,INDIRECT(A81),7,0)&CHAR(10)&VLOOKUP(B81,INDIRECT(A81),8,0))) -> #REF!
A82: =DPGF!#REF! -> #REF! | B82: =DPGF!#REF! -> #REF! | C82: =IF(ISBLANK(B82)," ",IF(ISNA(VLOOKUP(B82,INDIRECT(A82),1,0))," -- Code incorrect --",VLOOKUP(B82,INDIRECT(A82),7,0)&CHAR(10)&VLOOKUP(B82,INDIRECT(A82),8,0))) -> #REF!
A83: =DPGF!#REF! -> #REF! | B83: =DPGF!#REF! -> #REF! | C83: =IF(ISBLANK(B83)," ",IF(ISNA(VLOOKUP(B83,INDIRECT(A83),1,0))," -- Code incorrect --",VLOOKUP(B83,INDIRECT(A83),7,0)&CHAR(10)&VLOOKUP(B83,INDIRECT(A83),8,0))) -> #REF!
A84: =DPGF!#REF! -> #REF! | B84: =DPGF!#REF! -> #REF! | C84: =IF(ISBLANK(B84)," ",IF(ISNA(VLOOKUP(B84,INDIRECT(A84),1,0))," -- Code incorrect --",VLOOKUP(B84,INDIRECT(A84),7,0)&CHAR(10)&VLOOKUP(B84,INDIRECT(A84),8,0))) -> #REF!
A85: =DPGF!#REF! -> #REF! | B85: =DPGF!#REF! -> #REF! | C85: =IF(ISBLANK(B85)," ",IF(ISNA(VLOOKUP(B85,INDIRECT(A85),1,0))," -- Code incorrect --",VLOOKUP(B85,INDIRECT(A85),7,0)&CHAR(10)&VLOOKUP(B85,INDIRECT(A85),8,0))) -> #REF!
A86: =DPGF!#REF! -> #REF! | B86: =DPGF!#REF! -> #REF! | C86: =IF(ISBLANK(B86)," ",IF(ISNA(VLOOKUP(B86,INDIRECT(A86),1,0))," -- Code incorrect --",VLOOKUP(B86,INDIRECT(A86),7,0)&CHAR(10)&VLOOKUP(B86,INDIRECT(A86),8,0))) -> #REF!
A87: =DPGF!#REF! -> #REF! | B87: =DPGF!#REF! -> #REF! | C87: =IF(ISBLANK(B87)," ",IF(ISNA(VLOOKUP(B87,INDIRECT(A87),1,0))," -- Code incorrect --",VLOOKUP(B87,INDIRECT(A87),7,0)&CHAR(10)&VLOOKUP(B87,INDIRECT(A87),8,0))) -> #REF!
A88: =DPGF!#REF! -> #REF! | B88: =DPGF!#REF! -> #REF! | C88: =IF(ISBLANK(B88)," ",IF(ISNA(VLOOKUP(B88,INDIRECT(A88),1,0))," -- Code incorrect --",VLOOKUP(B88,INDIRECT(A88),7,0)&CHAR(10)&VLOOKUP(B88,INDIRECT(A88),8,0))) -> #REF!
... A103: =DPGF!#REF! -> #REF! | B103: =DPGF!#REF! -> #REF! | C103: =IF(ISBLANK(B103)," ",IF(ISNA(VLOOKUP(B103,INDIRECT(A103),1,0))," -- Code incorrect --",VLOOKUP(B103,INDIRECT(A103),7,0)&CHAR(10)&VLOOKUP(B103,INDIRECT(A103),8,0))) -> #REF!
A104: =DPGF!A5 -> N_MOBILIER | B104: =DPGF!B5 -> N | C104: =IF(ISBLANK(B104)," ",IF(ISNA(VLOOKUP(B104,INDIRECT(A104),1,0))," -- Code incorrect --",VLOOKUP(B104,INDIRECT(A104),7,0)&CHAR(10)&VLOOKUP(B104,INDIRECT(A104),8,0))) -> N - MOBILIER
A105: =DPGF!A6 -> N_MOBILIER | B105: =DPGF!B6 -> N 5 | C105: =IF(ISBLANK(B105)," ",IF(ISNA(VLOOKUP(B105,INDIRECT(A105),1,0))," -- Code incorrect --",VLOOKUP(B105,INDIRECT(A105),7,0)&CHAR(10)&VLOOKUP(B105,INDIRECT(A105),8,0))) -> BANCS Ce prix rémunère à l’unité, la fourniture et pose de mobilier urbain tel que décris dans le CCTP. Ce prix comprend : le terrassement complémentaire, la confection des massifs de scellement en béton dosé à 350kg/m3 de ciment CP 45, y compris façon de réservation, tiges et platine de fixation éventuelles ou carottage, ou ferraillage, le remblaiement périphérique, y compris le compactage et l'évacuation des matériaux excédentaires aux décharges, La fourniture, le chargement, le transport et le déchargement la mise en place et la fixation du mobilier.
A106: =DPGF!A7 -> N_MOBILIER | B106: =DPGF!B7 -> N 5 a | C106: =IF(ISBLANK(B106)," ",IF(ISNA(VLOOKUP(B106,INDIRECT(A106),1,0))," -- Code incorrect --",VLOOKUP(B106,INDIRECT(A106),7,0)&CHAR(10)&VLOOKUP(B106,INDIRECT(A106),8,0))) -> Banc "DROIT" conforme aux pièces graphiques et CCTP L’UNITE :
A107: =DPGF!A8 -> N_MOBILIER | B107: =DPGF!B8 -> N 8 | C107: =IF(ISBLANK(B107)," ",IF(ISNA(VLOOKUP(B107,INDIRECT(A107),1,0))," -- Code incorrect --",VLOOKUP(B107,INDIRECT(A107),7,0)&CHAR(10)&VLOOKUP(B107,INDIRECT(A107),8,0))) -> CLOU DE CHAUSSEE Ce prix rémunère à l’unité la fourniture et la pose de clous de chaussée en inox, acier peint ou bronze. Ce prix comprend : - la fourniture des clous - les dispositifs de fixation nécessaires, y compris percement d’éléments en pierre naturelle neuve - le remplacement éventuel des éléments en pierre naturelle abimés par le percement - toutes sujétions inhérentes à ce prix.
A108: =DPGF!A9 -> N_MOBILIER | B108: =DPGF!B9 -> N 8 a | C108: =IF(ISBLANK(B108)," ",IF(ISNA(VLOOKUP(B108,INDIRECT(A108),1,0))," -- Code incorrect --",VLOOKUP(B108,INDIRECT(A108),7,0)&CHAR(10)&VLOOKUP(B108,INDIRECT(A108),8,0))) -> Clous carrés inox brossé 120*120, Fusion de chez UNIVERS & CITE L’UNITE :
A109: =DPGF!A10 -> N_MOBILIER | B109: =DPGF!B10 -> N 9 | C109: =IF(ISBLANK(B109)," ",IF(ISNA(VLOOKUP(B109,INDIRECT(A109),1,0))," -- Code incorrect --",VLOOKUP(B109,INDIRECT(A109),7,0)&CHAR(10)&VLOOKUP(B109,INDIRECT(A109),8,0))) -> CORBEILLE Ce prix rémunère à l’unité, la fourniture et pose de mobilier urbain tel que décris dans le CCTP. Ce prix comprend : - la découpe du revêtement de surface et de la couche de fondation à la carotteuse, - le terrassement complémentaire, - la confection des massifs de scellement en béton dosé à 350kg/m3 de ciment CP 45, y compris façon de réservation, tiges et platine de fixation éventuelles ou carottage, ou ferraillage, - le remblaiement périphérique, y compris le compactage et l'évacuation des matériaux excédentaires aux décharges, - le cas échéant le complètement au niveau fini avec un mortier de la teinte du revêtement de surface - La fourniture, le chargement, le transport et le déchargement la mise en place et la fixation du mobilier. L’UNITE :
A110: =DPGF!A11 -> N_MOBILIER | B110: =DPGF!B11 -> N 13 | C110: =IF(ISBLANK(B110)," ",IF(ISNA(VLOOKUP(B110,INDIRECT(A110),1,0))," -- Code incorrect --",VLOOKUP(B110,INDIRECT(A110),7,0)&CHAR(10)&VLOOKUP(B110,INDIRECT(A110),8,0))) -> LISSE BOIS Ce prix rémunère la fourniture et pose de lisses bois tel que décris dans le CCTP et les pièces graphiques. Ce prix comprend : - le terrassement complémentaire, - la confection des massifs de scellement en béton dosé à 350kg/m3 de ciment CP 45, y compris façon de réservation, tiges et platine de fixation éventuelles ou carottage, ou ferraillage, - le remblaiement périphérique, y compris le compactage et l'évacuation des matériaux excédentaires aux décharges, La fourniture, le chargement, le transport et le déchargement la mise en place et la fixation des lisses en bois. LE METRE :
A111: =DPGF!A12 -> N_MOBILIER | B111: =DPGF!B12 -> N 12 a | C111: =IF(ISBLANK(B111)," ",IF(ISNA(VLOOKUP(B111,INDIRECT(A111),1,0))," -- Code incorrect --",VLOOKUP(B111,INDIRECT(A111),7,0)&CHAR(10)&VLOOKUP(B111,INDIRECT(A111),8,0))) -> SERI type "Croix St André" 1630mm L’UNITE :
A112: =DPGF!#REF! -> #REF! | B112: =DPGF!#REF! -> #REF! | C112: =IF(ISBLANK(B112)," ",IF(ISNA(VLOOKUP(B112,INDIRECT(A112),1,0))," -- Code incorrect --",VLOOKUP(B112,INDIRECT(A112),7,0)&CHAR(10)&VLOOKUP(B112,INDIRECT(A112),8,0))) -> #REF!
A113: =DPGF!#REF! -> #REF!
A114: =DPGF!#REF! -> #REF!
A115: =DPGF!#REF! -> #REF!
A116: =DPGF!#REF! -> #REF!
A117: =DPGF!#REF! -> #REF!
A118: =DPGF!#REF! -> #REF!

Sheet modèle mise en page
A1: N° DES PRIX | E1: DESIGNATION DES OUVRAGES ET PRIX H.T. EN TOUTES LETTRES | F1: PRIX H.T. EN CHIFFRES | J1: Liste feuilles
J2: A_PRIX_GENERAUX
J3: B_TRAVAUX_PREPARATOIRES
E4: intitulé du PRIX | J4: C_TERRASSEMENTS
E5: Ce prix rémunère (attention supprimer l'unité du prix dans le texte ex forfaitairement ….) | J5: D_ASSAINISSEMENT
E6: Ce prix comprend | J6: E_AEP
E7: Ce prix s'applique | J7: F_GC_RESEAUX
E8: Ce prix se règle (dans le cas de fractionnement en %) | J8: G_ELECTRICITE
E9: UNITE | J9: H_ECLAIRAGE_SLT
J10: I_VIDEO
J11: J_MACONNERIE
J12: K_SOLS_ET_VOIRIE
J13: L_SIGNALISATION
J14: M_JEUX
J15: N_MOBILIER
J16: O_SERRURERIE
J17: P_ESPACES_VERTS

Sheet A PRIX GENERAUX
B1: N° DES PRIX | E1: Désignation des ouvrages | F1: Description des ouvrages | G1: Désignation et description des ouvrages | H1: Unité en texte | I1: Unité
A2: =B2 -> A | B2: A | E2: A - PRIX GENERAUX | G2: =E2 -> A - PRIX GENERAUX
A3: =IF(D3="",B3&" "&C3,B3&" "&C3&" "&D3) -> A 1 | B3: A | C3: 1 | E3: SERVICE TOPOGRAPHIQUE - GEOMETRE DPLG | F3: Ce prix rémunère au forfait les levés planimétriques et altimétriques de l'emprise totale à aménager et nécessaires à l’implantation ou la vérification de travaux. Ce prix comprend : - La reconnaissance et la délimitation de la zone à lever, en accord avec le MOE, - La fourniture du matériel topographique, - La mise à disposition du personnel nécessaire au levé, - La réalisation du levé par semis de points avec une densité de 400 points à l’hectare, le relevé des éléments sera en coordonnées LAMBERT aussi bien en plan qu’en altimétrie des fils d’eau des canalisations, des branchements ou des raccordements, les longueurs et pentes devront apparaître sur les documents, - La réalisation des reports et plans des levés sur support informatique permettant la réalisation de dessins d’exécution ou de métrés. | G3: =E3&CHAR(10)&F3 -> SERVICE TOPOGRAPHIQUE - GEOMETRE DPLG Ce prix rémunère au forfait les levés planimétriques et altimétriques de l'emprise totale à aménager et nécessaires à l’implantation ou la vérification de travaux. Ce prix comprend : - La reconnaissance et la délimitation de la zone à lever, en accord avec le MOE, - La fourniture du matériel topographique, - La mise à disposition du personnel nécessaire au levé, - La réalisation du levé par semis de points avec une densité de 400 points à l’hectare, le relevé des éléments sera en coordonnées LAMBERT aussi bien en plan qu’en altimétrie des fils d’eau des canalisations, des branchements ou des raccordements, les longueurs et pentes devront apparaître sur les documents, - La réalisation des reports et plans des levés sur support informatique permettant la réalisation de dessins d’exécution ou de métrés. | H3: LE FORFAIT : | I3: F
A4: =IF(D4="",B4&" "&C4,B4&" "&C4&" "&D4) -> A 2 | B4: A | C4: 2 | E4: DOSSIER D'EXECUTION | F4: Ce prix rémunère l'établissement de l'ensemble des documents généraux provisoires et définitifs du chantier ci après énumérés, y compris les rectifications et mises à jour éventuelles, les documents provisoires, les notes de calculs et études d’exécution de toutes les parties d’ouvrage. Ce prix comprend : - la rédaction et la fourniture, du plan d'hygiène et de sécurité, les dépenses de fonctionnement du Collège Interentreprises d'Hygiène et de Sécurité, et du Comité Particulier d'Hygiène et de Sécurité, du programme d'exécution des travaux, du projet des installations de chantier, ... - la fourniture de l'ensemble des fiches d'agrément de fournitures et matériaux, - l'ensemble des notes de calculs électroniques et/ou manuelles de stabilité, de ferraillage de toutes les parties d’ouvrages provisoires et définitives ainsi que la vérification des fondations avec la portance des sols rencontrés, conformément aux règlements et dispositions de bonne construction - l'ensemble des plans d'implantation des ouvrages, - l'ensemble des plans d’exécution de coffrage, ferraillage de toutes les parties d’ouvrages provisoires et définitives, - l'ensemble des modifications ou adjonctions des notes de calculs, des plans d’exécution, dues à une situation impondérable ou impromptue, - la mise à jour des plans et des notes de calculs, conformément à l’ouvrage exécuté sous la conduite du mandataire, -les métrés d'exécution, - les vacations du bureau d’études de l’entrepreneur qui doit être représenté en tant que de besoin aux réunions de chantier. Ce prix se règle : - Trente trois pour cent (33 %) du forfait au cours du mois qui suit la date de notification de l’ordre de service de commencer les travaux, - Trente trois pour cent (33 %) du forfait à mi-délai d’exécution contractuel, - Le solde du forfait à la fourniture d’un dossier comprenant toutes les pièces du dossier d’exécution conformément à l’ouvrage exécuté. | G4: =E4&CHAR(10)&F4 -> DOSSIER D'EXECUTION Ce prix rémunère l'établissement de l'ensemble des documents généraux provisoires et définitifs du chantier ci après énumérés, y compris les rectifications et mises à jour éventuelles, les documents provisoires, les notes de calculs et études d’exécution de toutes les parties d’ouvrage. Ce prix comprend : - la rédaction et la fourniture, du plan d'hygiène et de sécurité, les dépenses de fonctionnement du Collège Interentreprises d'Hygiène et de Sécurité, et du Comité Particulier d'Hygiène et de Sécurité, du programme d'exécution des travaux, du projet des installations de chantier, ... - la fourniture de l'ensemble des fiches d'agrément de fournitures et matériaux, - l'ensemble des notes de calculs électroniques et/ou manuelles de stabilité, de ferraillage de toutes les parties d’ouvrages provisoires et définitives ainsi que la vérification des fondations avec la portance des sols rencontrés, conformément aux règlements et dispositions de bonne construction - l'ensemble des plans d'implantation des ouvrages, - l'ensemble des plans d’exécution de coffrage, ferraillage de toutes les parties d’ouvrages provisoires et définitives, - l'ensemble des modifications ou adjonctions des notes de calculs, des plans d’exécution, dues à une situation impondérable ou impromptue, - la mise à jour des plans et des notes de calculs, conformément à l’ouvrage exécuté sous la conduite du mandataire, -les métrés d'exécution, - les vacations du bureau d’études de l’entrepreneur qui doit être représenté en tant que de besoin aux réunions de chantier. Ce prix se règle : - Trente trois pour cent (33 %) du forfait au cours du mois qui suit la date de notification de l’ordre de service de commencer les travaux, - Trente trois pour cent (33 %) du forfait à mi-délai d’exécution contractuel, - Le solde du forfait à la fourniture d’un dossier comprenant toutes les pièces du dossier d’exécution conformément à l’ouvrage exécuté. | H4: LE FORFAIT : | I4: F
A5: =IF(D5="",B5&" "&C5,B5&" "&C5&" "&D5) -> A 3 | B5: A | C5: 3 | E5: AMENEE, ENTRETIEN ET REPLIEMENT DES INSTALLATIONS DE CHANTIER | F5: Ce prix rémunère forfaitairement les frais d’installation générale de chantier et de repliement du matériel, y compris l’amenée et le repliement en fin de chantier. Ce prix comprend : - les aménagements de terrain pour les installations de chantier, - la mise en place d’un vestiaire d’un réfectoire et d’un bloc sanitaire éclairé, - les frais de raccordement aux réseaux divers (eaux, électricité,) ainsi que le coût des consommations correspondantes, - les frais de clôture, de gardiennage et de balisage des installations, - l’amenée, l’installation et le repliement du matériel de chantier, - l’entretien pendant toute la durée des travaux de l’ensemble des installations, - l’enlèvement en fin de chantier de tous les matériels et installations, des matériaux en excèdent et la remise en état des lieux, - la démolition des accès et l’évacuation des déblais en décharge, droits de décharge compris. Il comprend également tous les aménagements nécessaires pour permettre le maintien dans de bonnes conditions de sécurité, de la circulation des piétons et des véhicules dans la zone des travaux suivant les stipulations du Maître d’œuvre. Il tient compte de la situation particulière des ouvrages à réaliser et rémunère la totalité des aménagements provisoires que l’entrepreneur sera amené à exécuter pour permettre à son personnel et à ses engins de chantier d’être à pied d’œuvre, ainsi que pour approvisionner le chantier sur le site même de chacune des parties d’ouvrage à construire. Ce prix comprend également : - la mise à disposition au représentant du Maître d’Oeuvre de locaux de chantier et matériels - l’ensemble de ces dispositions et installations feront l’objet d’un plan d’installation de chantier soumis à l’agrément du Maître d’Œuvre, - L’installation de chantier achevée et le matériel amené à pied d’œuvre, une fraction égale à soixante pour cent (60%) de ce prix sera réglé à l’Entrepreneur. Le solde sera versé après le repliement de tous les matériels et installations, l’enlèvement des matériaux en excèdent et la remise en état des lieux. Ce prix ne comprend pas les frais d’installation de clôture de chantier. | G5: =E5&CHAR(10)&F5 -> AMENEE, ENTRETIEN ET REPLIEMENT DES INSTALLATIONS DE CHANTIER Ce prix rémunère forfaitairement les frais d’installation générale de chantier et de repliement du matériel, y compris l’amenée et le repliement en fin de chantier. Ce prix comprend : - les aménagements de terrain pour les installations de chantier, - la mise en place d’un vestiaire d’un réfectoire et d’un bloc sanitaire éclairé, - les frais de raccordement aux réseaux divers (eaux, électricité,) ainsi que le coût des consommations correspondantes, - les frais de clôture, de gardiennage et de balisage des installations, - l’amenée, l’installation et le repliement du matériel de chantier, - l’entretien pendant toute la durée des travaux de l’ensemble des installations, - l’enlèvement en fin de chantier de tous les matériels et installations, des matériaux en excèdent et la remise en état des lieux, - la démolition des accès et l’évacuation des déblais en décharge, droits de décharge compris. Il comprend également tous les aménagements nécessaires pour permettre le maintien dans de bonnes conditions de sécurité, de la circulation des piétons et des véhicules dans la zone des travaux suivant les stipulations du Maître d’œuvre. Il tient compte de la situation particulière des ouvrages à réaliser et rémunère la totalité des aménagements provisoires que l’entrepreneur sera amené à exécuter pour permettre à son personnel et à ses engins de chantier d’être à pied d’œuvre, ainsi que pour approvisionner le chantier sur le site même de chacune des parties d’ouvrage à construire. Ce prix comprend également : - la mise à disposition au représentant du Maître d’Oeuvre de locaux de chantier et matériels - l’ensemble de ces dispositions et installations feront l’objet d’un plan d’installation de chantier soumis à l’agrément du Maître d’Œuvre, - L’installation de chantier achevée et le matériel amené à pied d’œuvre, une fraction égale à soixante pour cent (60%) de ce prix sera réglé à l’Entrepreneur. Le solde sera versé après le repliement de tous les matériels et installations, l’enlèvement des matériaux en excèdent et la remise en état des lieux. Ce prix ne comprend pas les frais d’installation de clôture de chantier. | H5: LE FORFAIT : | I5: F
A6: =IF(D6="",B6&" "&C6,B6&" "&C6&" "&D6) -> A 4 | B6: A | C6: 4 | E6: AMENEE, ENTRETIEN ET REPLIEMENT DES INSTALLATIONS DE CHANTIER COMMUNES A TOUS LES LOTS | F6: Ce prix rémunère forfaitairement les frais d’installation générale de chantier et de repliement du matériel, y compris l’amenée et le repliement en fin de chantier. Ce prix comprend : - les aménagements de terrain pour les installations de chantier, - la mise en place d’un vestiaire d’un réfectoire et d’un bloc sanitaire éclairé, - les frais de raccordement aux réseaux divers (eaux, électricité,) ainsi que le coût des consommations correspondantes, - les frais de clôture, de gardiennage et de balisage des installations, - l’amenée, l’installation et le repliement du matériel de chantier, - l’entretien pendant toute la durée des travaux de l’ensemble des installations, - l’enlèvement en fin de chantier de tous les matériels et installations, des matériaux en excèdent et la remise en état des lieux, - la démolition des accès et l’évacuation des déblais en décharge, droits de décharge compris. Il comprend également tous les aménagements nécessaires pour permettre le maintien dans de bonnes conditions de sécurité, de la circulation des piétons et des véhicules dans la zone des travaux suivant les stipulations du Maître d’œuvre. Il tient compte de la situation particulière des ouvrages à réaliser et rémunère la totalité des aménagements provisoires que l’entrepreneur sera amené à exécuter pour permettre à son personnel et à ses engins de chantier d’être à pied d’œuvre, ainsi que pour approvisionner le chantier sur le site même de chacune des parties d’ouvrage à construire. Ce prix comprend également : - la mise à disposition au représentant du Maître d’Oeuvre de locaux de chantier et matériels - l’ensemble de ces dispositions et installations feront l’objet d’un plan d’installation de chantier soumis à l’agrément du Maître d’Œuvre, - l’installation de chantier achevée et le matériel amené à pied d’œuvre, une fraction égale à soixante pour cent (60%) de ce prix sera réglé à l’Entrepreneur. Le solde sera versé après le repliement de tous les matériels et installations, l’enlèvement des matériaux en excèdent et la remise en état des lieux. Ce prix ne comprend pas les frais d’installation de clôture de chantier. | G6: =E6&CHAR(10)&F6 -> AMENEE, ENTRETIEN ET REPLIEMENT DES INSTALLATIONS DE CHANTIER COMMUNES A TOUS LES LOTS Ce prix rémunère forfaitairement les frais d’installation générale de chantier et de repliement du matériel, y compris l’amenée et le repliement en fin de chantier. Ce prix comprend : - les aménagements de terrain pour les installations de chantier, - la mise en place d’un vestiaire d’un réfectoire et d’un bloc sanitaire éclairé, - les frais de raccordement aux réseaux divers (eaux, électricité,) ainsi que le coût des consommations correspondantes, - les frais de clôture, de gardiennage et de balisage des installations, - l’amenée, l’installation et le repliement du matériel de chantier, - l’entretien pendant toute la durée des travaux de l’ensemble des installations, - l’enlèvement en fin de chantier de tous les matériels et installations, des matériaux en excèdent et la remise en état des lieux, - la démolition des accès et l’évacuation des déblais en décharge, droits de décharge compris. Il comprend également tous les aménagements nécessaires pour permettre le maintien dans de bonnes conditions de sécurité, de la circulation des piétons et des véhicules dans la zone des travaux suivant les stipulations du Maître d’œuvre. Il tient compte de la situation particulière des ouvrages à réaliser et rémunère la totalité des aménagements provisoires que l’entrepreneur sera amené à exécuter pour permettre à son personnel et à ses engins de chantier d’être à pied d’œuvre, ainsi que pour approvisionner le chantier sur le site même de chacune des parties d’ouvrage à construire. Ce prix comprend également : - la mise à disposition au représentant du Maître d’Oeuvre de locaux de chantier et matériels - l’ensemble de ces dispositions et installations feront l’objet d’un plan d’installation de chantier soumis à l’agrément du Maître d’Œuvre, - l’installation de chantier achevée et le matériel amené à pied d’œuvre, une fraction égale à soixante pour cent (60%) de ce prix sera réglé à l’Entrepreneur. Le solde sera versé après le repliement de tous les matériels et installations, l’enlèvement des matériaux en excèdent et la remise en état des lieux. Ce prix ne comprend pas les frais d’installation de clôture de chantier. | H6: LE FORFAIT : | I6: F
A7: =IF(D7="",B7&" "&C7,B7&" "&C7&" "&D7) -> A 5 | B7: A | C7: 5 | E7: INSTALLATION MAINTENANCE ET REPLIEMENT DE LA SIGNALISATION TEMPORAIRE DE CHANTIER | F7: Ce prix rémunère l’installation et le repliement de la signalisation des travaux pour assurer la protection du chantier et mis conformément au manuel du Chef de chantier édité par le SETRA. Ce prix comprend : - l’établissement des plans définissant la signalisation temporaire de chantier à mettre en œuvre aux différents stades d’avancement des travaux, ces plans étant soumis au visa du MOE, - la fourniture, l’amenée sur le site et la mise en place de l’ensemble des dispositifs de signalisation temporaire nécessaires dans les zones d’interférence avec la voirie provisoire et définitive sous circulation, - le stockage sur le chantier du matériel consommable (rubalise, cône, fiche métallique, plaque acier, protections diverses, ...) nécessaire au remplacement du matériel défaillant, - le remplacement du matériel en cas de détérioration ou de vol, - l’exploitation, la surveillance, la maintenance et le remplacement s’il y a lieu, de jour comme de nuit, de l’ensemble des dispositifs de signalisation temporaire nécessaires dans les zones d’interférence avec la voirie provisoire et définitive sous circulation, - les déplacements et mises en place successives destinées à faire évoluer les dispositifs de signalisation temporaire pour les adapter tant au phasage général des travaux qu’au phasage ponctuel correspondant à certaines opérations spécifiques nécessitant par exemple d’une réduction momentanée de la largeur d’une chaussée, - la mise en place des itinéraires de déviation et l’exploitation la surveillance et l’entretien de la signalisation de déviation pendant toute la durée du chantier, - la fourniture et la pose de panneaux de type KD nécessaire au balisage de l’itinéraire de déviation, l’exploitation la surveillance et l’entretien de la signalisation de déviation pendant toute la durée du chantier, - l'effacement définitif d'anciennes bandes continues, quelle que soit la largeur, y compris toutes les fournitures de matériel d'effacement et les opérations nécessaires à la complète élimination des produits résiduels notamment les balayages par aspiration, - la fourniture et l'application de marquage de couleur jaune pour signalisation horizontale temporaire quelle que soit la modulation et la largeur de la bande le pré marquage, le nettoyage initial des chaussées par décrottage, balayage et arrosage de la partie de chaussée à marquer ainsi que le maintien de son état, - le repliement de l’ensemble des équipements en fin de travaux. Ce prix tient compte de la dépréciation du matériel fourni et mis à disposition sur le chantier. Le règlement sera effectué à raison de soixante pour cent (60 %), lorsqu’à la demande de l’Entrepreneur, le MOE aura constaté que la réalisation de la signalisation et les dispositions prises pour son exploitation répondent effectivement à toutes les prescriptions du marché. Le solde sera versé après le repliement de tous les matériels et installations, l’enlèvement des matériaux en excédent et la remise en état des lieux. | G7: =E7&CHAR(10)&F7 -> INSTALLATION MAINTENANCE ET REPLIEMENT DE LA SIGNALISATION TEMPORAIRE DE CHANTIER Ce prix rémunère l’installation et le repliement de la signalisation des travaux pour assurer la protection du chantier et mis conformément au manuel du Chef de chantier édité par le SETRA. Ce prix comprend : - l’établissement des plans définissant la signalisation temporaire de chantier à mettre en œuvre aux différents stades d’avancement des travaux, ces plans étant soumis au visa du MOE, - la fourniture, l’amenée sur le site et la mise en place de l’ensemble des dispositifs de signalisation temporaire nécessaires dans les zones d’interférence avec la voirie provisoire et définitive sous circulation, - le stockage sur le chantier du matériel consommable (rubalise, cône, fiche métallique, plaque acier, protections diverses, ...) nécessaire au remplacement du matériel défaillant, - le remplacement du matériel en cas de détérioration ou de vol, - l’exploitation, la surveillance, la maintenance et le remplacement s’il y a lieu, de jour comme de nuit, de l’ensemble des dispositifs de signalisation temporaire nécessaires dans les zones d’interférence avec la voirie provisoire et définitive sous circulation, - les déplacements et mises en place successives destinées à faire évoluer les dispositifs de signalisation temporaire pour les adapter tant au phasage général des travaux qu’au phasage ponctuel correspondant à certaines opérations spécifiques nécessitant par exemple d’une réduction momentanée de la largeur d’une chaussée, - la mise en place des itinéraires de déviation et l’exploitation la surveillance et l’entretien de la signalisation de déviation pendant toute la durée du chantier, - la fourniture et la pose de panneaux de type KD nécessaire au balisage de l’itinéraire de déviation, l’exploitation la surveillance et l’entretien de la signalisation de déviation pendant toute la durée du chantier, - l'effacement définitif d'anciennes bandes continues, quelle que soit la largeur, y compris toutes les fournitures de matériel d'effacement et les opérations nécessaires à la complète élimination des produits résiduels notamment les balayages par aspiration, - la fourniture et l'application de marquage de couleur jaune pour signalisation horizontale temporaire quelle que soit la modulation et la largeur de la bande le pré marquage, le nettoyage initial des chaussées par décrottage, balayage et arrosage de la partie de chaussée à marquer ainsi que le maintien de son état, - le repliement de l’ensemble des équipements en fin de travaux. Ce prix tient compte de la dépréciation du matériel fourni et mis à disposition sur le chantier. Le règlement sera effectué à raison de soixante pour cent (60 %), lorsqu’à la demande de l’Entrepreneur, le MOE aura constaté que la réalisation de la signalisation et les dispositions prises pour son exploitation répondent effectivement à toutes les prescriptions du marché. Le solde sera versé après le repliement de tous les matériels et installations, l’enlèvement des matériaux en excédent et la remise en état des lieux. | H7: =""
A8: =IF(D8="",B8&" "&C8,B8&" "&C8&" "&D8) -> A 5 a | B8: A | C8: 5 | D8: a | E8: Signalisation de travaux lumineuse avec balises | F8: Signalisation de travaux lumineuse avec balises | G8: =F8 -> Signalisation de travaux lumineuse avec balises | H8: LE FORFAIT / JOUR : | I8: Ft/J
A9: =IF(D9="",B9&" "&C9,B9&" "&C9&" "&D9) -> A 5 b | B9: A | C9: 5 | D9: b | E9: Signalisation de travaux non lumineuse | F9: Signalisation de travaux non lumineuse | G9: =F9 -> Signalisation de travaux non lumineuse | H9: LE FORFAIT / JOUR : | I9: Ft/J
A10: =IF(D10="",B10&" "&C10,B10&" "&C10&" "&D10) -> A 6 | B10: A | C10: 6 | E10: INSTALLATION MAINTENANCE ET REPLIEMENT DE PANNEAUX DE JALONNEMENT ET D'INFORMATION DE CHANTIER TYPE KC ET KD | F10: Ce prix rémunère la pose de panneaux de signalisation temporaire, type KC et KD avec film rétro réfléchissant de classe 1 ou 2, y compris texte et pictogramme nécessaire, dont les mentions seront précisées par le MOE. Ce prix comprend : - la fourniture et la fixation sur support soit sur support existant, soit avec fourniture et scellement du support, le lestage, - la surveillance et la maintenance du panneau et de son support, et reste la propriété de l'entreprise, - la dépose et le repli du panneau. Ce prix s'applique à l'unité mise en place. | G10: =E10&CHAR(10)&F10 -> INSTALLATION MAINTENANCE ET REPLIEMENT DE PANNEAUX DE JALONNEMENT ET D'INFORMATION DE CHANTIER TYPE KC ET KD Ce prix rémunère la pose de panneaux de signalisation temporaire, type KC et KD avec film rétro réfléchissant de classe 1 ou 2, y compris texte et pictogramme nécessaire, dont les mentions seront précisées par le MOE. Ce prix comprend : - la fourniture et la fixation sur support soit sur support existant, soit avec fourniture et scellement du support, le lestage, - la surveillance et la maintenance du panneau et de son support, et reste la propriété de l'entreprise, - la dépose et le repli du panneau. Ce prix s'applique à l'unité mise en place.
A11: =IF(D11="",B11&" "&C11,B11&" "&C11&" "&D11) -> A 6 a | B11: A | C11: 6 | D11: a | E11: Le panneau de surface < 1 m² | F11: Le panneau de surface < 1 m² | G11: =F11 -> Le panneau de surface < 1 m² | H11: L'UNITE : | I11: U
A12: =IF(D12="",B12&" "&C12,B12&" "&C12&" "&D12) -> A 6 b | B12: A | C12: 6 | D12: b | E12: Le panneau de surface > 1 m² | F12: Le panneau de surface > 1 m² | G12: =F12 -> Le panneau de surface > 1 m² | H12: L'UNITE : | I12: U
A13: =IF(D13="",B13&" "&C13,B13&" "&C13&" "&D13) -> A 7 | B13: A | C13: 7 | E13: INSTALLATION MAINTENANCE ET REPLIEMENT DE FEUX TRICOLORES DE CHANTIER POUR ALTERNAT | F13: Ce prix rémunère l’amenée la maintenance et le repliement d’une signalisation tricolore mobile pour la gestion de la circulation. Ces feux seront réglables de manière à pouvoir privilégier le temps de vert ou de rouge sur un des flux (flux montant ou descendant en fonction de l’heure de la journée). Ce prix comprend : - le stockage sur le chantier du matériel consommable (batterie, ampoule, ...), nécessaire à la maintenance de l'installation, - l’exploitation, la surveillance, le remplacement s’il y a lieu, de jour comme de nuit, - le remplacement du matériel en cas de détérioration ou de vol Le responsable de la signalisation devra être joignable par téléphone 24 h/24 h. Le premier jour pris en compte pour l’application de ce prix sera celui où, à la demande de l’Entrepreneur, le Maître doeuvre aura constaté que la réalisation est effective. Le dernier jour sera celui où l’entrepreneur aura été invité par le Maître d’Œuvre à évacuer hors du domaine public concerné par les travaux, tous les matériels sans que ce jour puisse être postérieur à celui de l’achèvement des travaux. | G13: =E13&CHAR(10)&F13 -> INSTALLATION MAINTENANCE ET REPLIEMENT DE FEUX TRICOLORES DE CHANTIER POUR ALTERNAT Ce prix rémunère l’amenée la maintenance et le repliement d’une signalisation tricolore mobile pour la gestion de la circulation. Ces feux seront réglables de manière à pouvoir privilégier le temps de vert ou de rouge sur un des flux (flux montant ou descendant en fonction de l’heure de la journée). Ce prix comprend : - le stockage sur le chantier du matériel consommable (batterie, ampoule, ...), nécessaire à la maintenance de l'installation, - l’exploitation, la surveillance, le remplacement s’il y a lieu, de jour comme de nuit, - le remplacement du matériel en cas de détérioration ou de vol Le responsable de la signalisation devra être joignable par téléphone 24 h/24 h. Le premier jour pris en compte pour l’application de ce prix sera celui où, à la demande de l’Entrepreneur, le Maître doeuvre aura constaté que la réalisation est effective. Le dernier jour sera celui où l’entrepreneur aura été invité par le Maître d’Œuvre à évacuer hors du domaine public concerné par les travaux, tous les matériels sans que ce jour puisse être postérieur à celui de l’achèvement des travaux.
A14: =IF(D14="",B14&" "&C14,B14&" "&C14&" "&D14) -> A 7 a | B14: A | C14: 7 | D14: a | E14: pour une durée consécutive comprise entre 1 et 5 jours y compris week-end et jours fériés | F14: pour une durée consécutive comprise entre 1 et 5 jours y compris week-end et jours fériés | G14: =F14 -> pour une durée consécutive comprise entre 1 et 5 jours y compris week-end et jours fériés | H14: LA JOURNEE CALENDAIRE : | I14: J ca
A15: =IF(D15="",B15&" "&C15,B15&" "&C15&" "&D15) -> A 7 b | B15: A | C15: 7 | D15: b | E15: pour une durée consécutive comprise entre 6 et 12 jours y compris week-end et jours fériés | F15: pour une durée consécutive comprise entre 6 et 12 jours y compris week-end et jours fériés | G15: =F15 -> pour une durée consécutive comprise entre 6 et 12 jours y compris week-end et jours fériés | H15: LA JOURNEE CALENDAIRE : | I15: J ca
A16: =IF(D16="",B16&" "&C16,B16&" "&C16&" "&D16) -> A 7 c | B16: A | C16: 7 | D16: c | E16: pour une durée consécutive supérieure à 13 jours y compris week-end et jours fériés | F16: pour une durée consécutive supérieure à 13 jours y compris week-end et jours fériés | G16: =F16 -> pour une durée consécutive supérieure à 13 jours y compris week-end et jours fériés | H16: LA JOURNEE CALENDAIRE : | I16: J ca
A17: =IF(D17="",B17&" "&C17,B17&" "&C17&" "&D17) -> A 8 | B17: A | C17: 8 | E17: AMENEE POSE MAINTENANCE ET DEPOSE DE DISPOSITIFS DE TYPE K5 | F17: Ce prix rémunère la pose et dépose de dispositifs de type K5. Ce prix comprend : - la fourniture des dispositifs, - la pose des dispositifs (posé battu ou percement et scellement à la résine) selon le tracé indiqué, - la surveillance quotidienne, - le remplacement des éléments endommagés, - la dépose et l'évacuation de la balisette en fin de chantier, - toutes sujétions de fourniture, pose et mise en œuvre. | G17: =E17&CHAR(10)&F17 -> AMENEE POSE MAINTENANCE ET DEPOSE DE DISPOSITIFS DE TYPE K5 Ce prix rémunère la pose et dépose de dispositifs de type K5. Ce prix comprend : - la fourniture des dispositifs, - la pose des dispositifs (posé battu ou percement et scellement à la résine) selon le tracé indiqué, - la surveillance quotidienne, - le remplacement des éléments endommagés, - la dépose et l'évacuation de la balisette en fin de chantier, - toutes sujétions de fourniture, pose et mise en œuvre.
A18: =IF(D18="",B18&" "&C18,B18&" "&C18&" "&D18) -> A 8 a | B18: A | C18: 8 | D18: a | E18: type K5a, la dizaine | F18: =E18 -> type K5a, la dizaine | G18: =F18 -> type K5a, la dizaine | H18: LA DIZAINE : | I18: Dz
A19: =IF(D19="",B19&" "&C19,B19&" "&C19&" "&D19) -> A 8 b | B19: A | C19: 8 | D19: b | E19: type K5b, la dizaine | F19: =E19 -> type K5b, la dizaine | G19: =F19 -> type K5b, la dizaine | H19: LA DIZAINE : | I19: Dz
A20: =IF(D20="",B20&" "&C20,B20&" "&C20&" "&D20) -> A 8 c | B20: A | C20: 8 | D20: c | E20: type K5c | F20: =E20 -> type K5c | G20: =F20 -> type K5c | H20: L'UNITE : | I20: U
A21: =IF(D21="",B21&" "&C21,B21&" "&C21&" "&D21) -> A 8 d | B21: A | C21: 8 | D21: d | E21: type K5d | F21: =E21 -> type K5d | G21: =F21 -> type K5d | H21: L'UNITE : | I21: U
A22: =IF(D22="",B22&" "&C22,B22&" "&C22&" "&D22) -> A 9 | B22: A | C22: 9 | E22: FOURNITURE ET MISE EN PLACE D'ELEMENTS SEPARATEURS OU ANTISTATIONNEMENT TYPE K16 | F22: Ce prix rémunère la mise à disposition à pied d'œuvre, la pose, le lestage, l'alignement de séparateurs de voies en plastique rouges et blancs, équipés de délinéateurs retro réfléchissants classe II de type SECUREOLE 800 ou similaire, hauteur0,80m. Ce prix comprend : - le nettoyage des parties exposées à la circulation à la demande du MOE, - le remplacement des éléments manquants ou endommagés par des éléments similaires - les déplacements nécessaires selon l’avancement des travaux - le repliement des séparateurs à la fin des travaux | G22: =E22&CHAR(10)&F22 -> FOURNITURE ET MISE EN PLACE D'ELEMENTS SEPARATEURS OU ANTISTATIONNEMENT TYPE K16 Ce prix rémunère la mise à disposition à pied d'œuvre, la pose, le lestage, l'alignement de séparateurs de voies en plastique rouges et blancs, équipés de délinéateurs retro réfléchissants classe II de type SECUREOLE 800 ou similaire, hauteur0,80m. Ce prix comprend : - le nettoyage des parties exposées à la circulation à la demande du MOE, - le remplacement des éléments manquants ou endommagés par des éléments similaires - les déplacements nécessaires selon l’avancement des travaux - le repliement des séparateurs à la fin des travaux | H22: LE METRE/JOUR CALENDAIRE : | I22: M/J
A23: =IF(D23="",B23&" "&C23,B23&" "&C23&" "&D23) -> A 10 | B23: A | C23: 10 | E23: FOURNITURE ET MISE EN PLACE D'ELEMENTS SEPARATEURS OU ANTISTATIONNEMENT TYPE GBA BETON | F23: Ce prix rémunère la mise à disposition à pied d'œuvre, la pose, l'alignement de séparateurs de voies GBA béton hauteur 0,80m. Ce prix comprend : - la mise à disposition, la surveillance, la maintenance et le remplacement des éléments manquants ou endommagés par des éléments similaires de séparateur type GBA – hauteur 0,80m et des profils d'extrémité tous types y compris tous les éléments de jonction | G23: =E23&CHAR(10)&F23 -> FOURNITURE ET MISE EN PLACE D'ELEMENTS SEPARATEURS OU ANTISTATIONNEMENT TYPE GBA BETON Ce prix rémunère la mise à disposition à pied d'œuvre, la pose, l'alignement de séparateurs de voies GBA béton hauteur 0,80m. Ce prix comprend : - la mise à disposition, la surveillance, la maintenance et le remplacement des éléments manquants ou endommagés par des éléments similaires de séparateur type GBA – hauteur 0,80m et des profils d'extrémité tous types y compris tous les éléments de jonction | H23: LE METRE / JOUR CALENDAIRE : | I23: M/J
A24: =IF(D24="",B24&" "&C24,B24&" "&C24&" "&D24) -> A 11 | B24: A | C24: 11 | E24: DEPLACEMENT D'ELEMENTS SEPARATEURS OU ANTI STATIONNEMENT TYPE GBA BETON | F24: Ce prix comprend : - la dépose, le transport dans un rayon de 1000m et la mise en place de séparateur GBA – hauteur 0,80m et des profils d'extrémité tous types y compris tous les éléments de jonction | G24: =E24&CHAR(10)&F24 -> DEPLACEMENT D'ELEMENTS SEPARATEURS OU ANTI STATIONNEMENT TYPE GBA BETON Ce prix comprend : - la dépose, le transport dans un rayon de 1000m et la mise en place de séparateur GBA – hauteur 0,80m et des profils d'extrémité tous types y compris tous les éléments de jonction | H24: LE METRE : | I24: M
A25: =IF(D25="",B25&" "&C25,B25&" "&C25&" "&D25) -> A 12 | B25: A | C25: 12 | E25: DISPOSITIFS AMOVIBLES DE PROTECTION DU CHANTIER | F25: Ce prix rémunère la mise en place de dispositif de protection de chantier de toutes hauteurs. Ce prix comprend : - la fourniture à pied d’œuvre et la mise en place du matériel constitué des éléments et supports de barrières, - la fourniture à pied d'œuvre et la mise en place de plots bétons de fondations préfabriquées avec un système de préhension, - la fourniture des menottes et de tous accessoires d’assemblage des clôtures entre elles, - la fourniture de jambes de force en tubes galvanisés et des crayons de verrouillage, - tous les dispositifs nécessaires pour assurer la tenue au vent et à la neige - l’entretien des clôtures sur la totalité du linéaire du chantier (quelle que soit l'entreprise présente sur le site) et le remplacement du matériel accidenté ou endommagé - une astreinte de nuit, les week-ends et jours fériés - les déplacements et mises en place successives pour adapter le dispositif de protection aux phasages généraux et ponctuels, - la dépose et l’évacuation en fin de chantier des éléments Ce prix s’applique à la longueur d’éléments mis en place sans tenir compte des espaces entre éléments | G25: =E25&CHAR(10)&F25 -> DISPOSITIFS AMOVIBLES DE PROTECTION DU CHANTIER Ce prix rémunère la mise en place de dispositif de protection de chantier de toutes hauteurs. Ce prix comprend : - la fourniture à pied d’œuvre et la mise en place du matériel constitué des éléments et supports de barrières, - la fourniture à pied d'œuvre et la mise en place de plots bétons de fondations préfabriquées avec un système de préhension, - la fourniture des menottes et de tous accessoires d’assemblage des clôtures entre elles, - la fourniture de jambes de force en tubes galvanisés et des crayons de verrouillage, - tous les dispositifs nécessaires pour assurer la tenue au vent et à la neige - l’entretien des clôtures sur la totalité du linéaire du chantier (quelle que soit l'entreprise présente sur le site) et le remplacement du matériel accidenté ou endommagé - une astreinte de nuit, les week-ends et jours fériés - les déplacements et mises en place successives pour adapter le dispositif de protection aux phasages généraux et ponctuels, - la dépose et l’évacuation en fin de chantier des éléments Ce prix s’applique à la longueur d’éléments mis en place sans tenir compte des espaces entre éléments
A26: =IF(D26="",B26&" "&C26,B26&" "&C26&" "&D26) -> A 12 a | B26: A | C26: 12 | D26: a | E26: Barrière métallique longueur 1,5m hauteur 1m conforme à la norme NF P 98-470 assurant la protection et la canalisation des cheminements à l'intérieur de la zone de chantier | F26: Barrière métallique longueur 1,5m hauteur 1m conforme à la norme NF P 98-470 assurant la protection et la canalisation des cheminements à l'intérieur de la zone de chantier | G26: =F26 -> Barrière métallique longueur 1,5m hauteur 1m conforme à la norme NF P 98-470 assurant la protection et la canalisation des cheminements à l'intérieur de la zone de chantier | H26: LE FORFAIT : | I26: F
A27: =IF(D27="",B27&" "&C27,B27&" "&C27&" "&D27) -> A 12 b | B27: A | C27: 12 | D27: b | E27: de hauteur 2,00 m pour clôtures de zones de cantonnement de stockage des matériaux ou de séparation entre zone de chantier et de circulation | F27: de hauteur 2,00 m pour clôtures de zones de cantonnement de stockage des matériaux ou de séparation entre zone de chantier et de circulation | G27: =F27 -> de hauteur 2,00 m pour clôtures de zones de cantonnement de stockage des matériaux ou de séparation entre zone de chantier et de circulation | H27: LE METRE : | I27: M
A28: =IF(D28="",B28&" "&C28,B28&" "&C28&" "&D28) -> A 13 | B28: A | C28: 13 | E28: INTERVENTIONS TRAVAUX URGENTS | F28: Ce prix rémunère l'intervention d'1 chef d'équipe et 2 ouvriers avec véhicule équipé pour les interventions d'urgence et avec matériel de signalisation et de mise en sécurité. Après avoir été informée par le maître d’ouvrage ou le maître d’œuvre d’une intervention de nature urgente, l’entreprise dispose de : - 2 heures maximum entre 8:00 et 17:00 les jours ouvrés, - 4 heures maximum entre 17:00 et 8:00 du lundi au vendredi, samedi dimanche et jours fériés, pour mobiliser ses moyens et intervenir. | G28: =E28&CHAR(10)&F28 -> INTERVENTIONS TRAVAUX URGENTS Ce prix rémunère l'intervention d'1 chef d'équipe et 2 ouvriers avec véhicule équipé pour les interventions d'urgence et avec matériel de signalisation et de mise en sécurité. Après avoir été informée par le maître d’ouvrage ou le maître d’œuvre d’une intervention de nature urgente, l’entreprise dispose de : - 2 heures maximum entre 8:00 et 17:00 les jours ouvrés, - 4 heures maximum entre 17:00 et 8:00 du lundi au vendredi, samedi dimanche et jours fériés, pour mobiliser ses moyens et intervenir.
A29: =IF(D29="",B29&" "&C29,B29&" "&C29&" "&D29) -> A 13 a | B29: A | C29: 13 | D29: a | E29: Intervention d'urgence entre 8:00h et 17:00 les jours ouvrés | F29: =E29 -> Intervention d'urgence entre 8:00h et 17:00 les jours ouvrés | G29: =F29 -> Intervention d'urgence entre 8:00h et 17:00 les jours ouvrés | H29: L'INTERVENTION : | I29: I
A30: =IF(D30="",B30&" "&C30,B30&" "&C30&" "&D30) -> A 13 b | B30: A | C30: 13 | D30: b | E30: Intervention d'urgence entre 17:00 et 8:00 du lundi au vendredi, samedi dimanche et jours fériés | F30: =E30 -> Intervention d'urgence entre 17:00 et 8:00 du lundi au vendredi, samedi dimanche et jours fériés | G30: =F30 -> Intervention d'urgence entre 17:00 et 8:00 du lundi au vendredi, samedi dimanche et jours fériés | H30: L'INTERVENTION : | I30: I
A31: =IF(D31="",B31&" "&C31,B31&" "&C31&" "&D31) -> A 14 | B31: A | C31: 14 | E31: FOURNITURE D'ABSORBANT DE SOL CONFORME A LA LEGISLATION (TERRE DE DIATOMEE) | G31: =E31&CHAR(10)&F31 -> FOURNITURE D'ABSORBANT DE SOL CONFORME A LA LEGISLATION (TERRE DE DIATOMEE) | H31: LE LITRE : | I31: L
A32: =IF(D32="",B32&" "&C32,B32&" "&C32&" "&D32) -> A 15 | B32: A | C32: 15 | E32: CONSTAT PREALABLE DES EXTERIEURS PAR HUISSIER | F32: Ce prix rémunère et comprend un état des lieux détaillé, avant travaux, des extérieurs et intérieurs des immeubles et de leurs dépendances (quelles que soient leurs profondeurs) situés dans l'emprise ou à proximité du chantier. Ce prix comprend : - toutes les formalités de constats (rendez-vous…) établis par Huissier de Justice. - les relevés de l’état des clôtures, portails, façades extérieures des immeubles mitoyens au domaine public et de ses dépendances (indépendamment de leur nombre) - la remise d'un rapport complet (descriptif + photos). Ce prix s'applique au forfait dans les limites d’emprises du chantier après réception du rapport (en deux exemplaires). | G32: =E32&CHAR(10)&F32 -> CONSTAT PREALABLE DES EXTERIEURS PAR HUISSIER Ce prix rémunère et comprend un état des lieux détaillé, avant travaux, des extérieurs et intérieurs des immeubles et de leurs dépendances (quelles que soient leurs profondeurs) situés dans l'emprise ou à proximité du chantier. Ce prix comprend : - toutes les formalités de constats (rendez-vous…) établis par Huissier de Justice. - les relevés de l’état des clôtures, portails, façades extérieures des immeubles mitoyens au domaine public et de ses dépendances (indépendamment de leur nombre) - la remise d'un rapport complet (descriptif + photos). Ce prix s'applique au forfait dans les limites d’emprises du chantier après réception du rapport (en deux exemplaires). | H32: LE FORFAIT : | I32: F
A33: =IF(D33="",B33&" "&C33,B33&" "&C33&" "&D33) -> A 16 | B33: A | C33: 16 | E33: ETUDE DE BRANCHEMENT | F33: =E33 -> ETUDE DE BRANCHEMENT | G33: =E33&CHAR(10)&F33 -> ETUDE DE BRANCHEMENT ETUDE DE BRANCHEMENT
A34: =IF(D34="",B34&" "&C34,B34&" "&C34&" "&D34) -> A 16 a | B34: A | C34: 16 | D34: a | E34: Etude d'un branchement aérien entraînant un changement de conducteur, une modification du tracé, la pose d'un éventuel cheminement sur façade, y compris l'obtention de l'accord écrit du propriétaire sans rémunération particulière, à charge de l'entreprise d'archiver ces dernières le temps qu' il lui semblera nécessaire. | F34: Etude d'un branchement aérien entraînant un changement de conducteur, une modification du tracé, la pose d'un éventuel cheminement sur façade, y compris l'obtention de l'accord écrit du propriétaire sans rémunération particulière, à charge de l'entreprise d'archiver ces dernières le temps qu' il lui semblera nécessaire. | G34: =+F34 -> Etude d'un branchement aérien entraînant un changement de conducteur, une modification du tracé, la pose d'un éventuel cheminement sur façade, y compris l'obtention de l'accord écrit du propriétaire sans rémunération particulière, à charge de l'entreprise d'archiver ces dernières le temps qu' il lui semblera nécessaire. | H34: L'UNITE : | I34: U
A35: =IF(D35="",B35&" "&C35,B35&" "&C35&" "&D35) -> A 16 b | B35: A | C35: 16 | D35: b | E35: Etude par habitation, d'un branchement électrique indépendant en souterrain entre le réseau et l'habitation avec fourniture du cahier de photos, y compris l'obtention de l'accord écrit du propriétaire sans rémunération particulière, à charge de l'entreprise d'archiver ces dernières le temps qu'il lui semblera nécessaire. Le tout dans les conditions définies au CCTP. | F35: Etude par habitation, d'un branchement électrique indépendant en souterrain entre le réseau et l'habitation avec fourniture du cahier de photos, y compris l'obtention de l'accord écrit du propriétaire sans rémunération particulière, à charge de l'entreprise d'archiver ces dernières le temps qu'il lui semblera nécessaire. Le tout dans les conditions définies au CCTP. | G35: =+F35 -> Etude par habitation, d'un branchement électrique indépendant en souterrain entre le réseau et l'habitation avec fourniture du cahier de photos, y compris l'obtention de l'accord écrit du propriétaire sans rémunération particulière, à charge de l'entreprise d'archiver ces dernières le temps qu'il lui semblera nécessaire. Le tout dans les conditions définies au CCTP. | H35: L'UNITE : | I35: U
A36: =IF(D36="",B36&" "&C36,B36&" "&C36&" "&D36) -> A 17 | B36: A | C36: 17 | E36: ETUDE DE TRACE DE LIGNE
A37: =IF(D37="",B37&" "&C37,B37&" "&C37&" "&D37) -> A 17 a | B37: A | C37: 17 | D37: a | E37: Etude d'un tracé de ligne aérien pour réseau HTA ou BT et analyse des conséquences sur les réseaux EP ou FT entrainées par ces modifications selon les clauses du C.C.T.P. | F37: =+E37 -> Etude d'un tracé de ligne aérien pour réseau HTA ou BT et analyse des conséquences sur les réseaux EP ou FT entrainées par ces modifications selon les clauses du C.C.T.P. | G37: =+F37 -> Etude d'un tracé de ligne aérien pour réseau HTA ou BT et analyse des conséquences sur les réseaux EP ou FT entrainées par ces modifications selon les clauses du C.C.T.P. | H37: LE KILOMETRE : | I37: Km
A38: =IF(D38="",B38&" "&C38,B38&" "&C38&" "&D38) -> A 17 b | B38: A | C38: 17 | D38: b | E38: Etude d'un tracé de ligne souterraine pour réseau HTA, BT ou téléphonique en tranchée indépendante (par longueur déroulée) et analyse des conséquences sur les réseaux EP ou FT entrainées par ces modifications selon les clauses du C.C.T.P. | F38: =+E38 -> Etude d'un tracé de ligne souterraine pour réseau HTA, BT ou téléphonique en tranchée indépendante (par longueur déroulée) et analyse des conséquences sur les réseaux EP ou FT entrainées par ces modifications selon les clauses du C.C.T.P. | G38: =+F38 -> Etude d'un tracé de ligne souterraine pour réseau HTA, BT ou téléphonique en tranchée indépendante (par longueur déroulée) et analyse des conséquences sur les réseaux EP ou FT entrainées par ces modifications selon les clauses du C.C.T.P. | H38: LE KILOMETRE : | I38: Km
A39: =IF(D39="",B39&" "&C39,B39&" "&C39&" "&D39) -> A 17 c | B39: A | C39: 17 | D39: c | E39: Etude d'un tracé de ligne souterraine pour réseau téléphonique en tranchée commune avec le réseau électrique (par longueur déroulée) selon les clauses du C.C.T.P. | F39: =+E39 -> Etude d'un tracé de ligne souterraine pour réseau téléphonique en tranchée commune avec le réseau électrique (par longueur déroulée) selon les clauses du C.C.T.P. | G39: =+F39 -> Etude d'un tracé de ligne souterraine pour réseau téléphonique en tranchée commune avec le réseau électrique (par longueur déroulée) selon les clauses du C.C.T.P. | H39: LE KILOMETRE : | I39: Km
A40: =IF(D40="",B40&" "&C40,B40&" "&C40&" "&D40) -> A 18 | B40: A | C40: 18 | E40: RELEVES
A41: =IF(D41="",B41&" "&C41,B41&" "&C41&" "&D41) -> A 18 a | B41: A | C41: 18 | D41: a | E41: Relevé complet du tracé de tous les réseaux existants aériens, HTA, BT, FT,EP etc... avec n° et date de fabrication des supports, et de tous les réseaux existants souterrains toutes sujétions comprises. | F41: =E41 -> Relevé complet du tracé de tous les réseaux existants aériens, HTA, BT, FT,EP etc... avec n° et date de fabrication des supports, et de tous les réseaux existants souterrains toutes sujétions comprises. | G41: =F41 -> Relevé complet du tracé de tous les réseaux existants aériens, HTA, BT, FT,EP etc... avec n° et date de fabrication des supports, et de tous les réseaux existants souterrains toutes sujétions comprises. | H41: LE FORFAIT : | I41: F
A42: =IF(D42="",B42&" "&C42,B42&" "&C42&" "&D42) -> A 18 b | B42: A | C42: 18 | D42: b | E42: Relevé et étude par habitation, d'un branchement téléphonique indépendant en souterrain entre le réseau et l'habitation avec fourniture du cahier de photos dans les conditions définies au C.C.T.P. | F42: =E42 -> Relevé et étude par habitation, d'un branchement téléphonique indépendant en souterrain entre le réseau et l'habitation avec fourniture du cahier de photos dans les conditions définies au C.C.T.P. | G42: =F42 -> Relevé et étude par habitation, d'un branchement téléphonique indépendant en souterrain entre le réseau et l'habitation avec fourniture du cahier de photos dans les conditions définies au C.C.T.P. | H42: LE FORFAIT : | I42: F
A43: =IF(D43="",B43&" "&C43,B43&" "&C43&" "&D43) -> A 19 | B43: A | C43: 19 | E43: PLAN D'ASSURANCE QUALITE ET PRISE EN COMPTE DE LA CHARTE CHANTIER VERT | F43: Ce prix rémunère les frais dus à la fourniture et au fonctionnement du Plan d'Assurance Qualité et de la charte Chantier Vert. Ce prix comprend : - le nombre et le type d'essais par nature d'ouvrage - les vérifications courantes de conformité par lesquelles l'entrepreneur s'assure que les caractéristiques des constituants sont conformes - les modalités de réalisation - des réglages et étalonnages - du contrôle du respect des consignes et du bon fonctionnement des matériels de fabrication et mise en œuvre des matériaux, - les moyens de fabrication, de transport et de mise en œuvre des matériaux - les modalités du contrôle de fabrication (vérification et stockage des constituants, fonctionnement des moyens de fabrication, transport et manutention) | G43: =E43&CHAR(10)&F43 -> PLAN D'ASSURANCE QUALITE ET PRISE EN COMPTE DE LA CHARTE CHANTIER VERT Ce prix rémunère les frais dus à la fourniture et au fonctionnement du Plan d'Assurance Qualité et de la charte Chantier Vert. Ce prix comprend : - le nombre et le type d'essais par nature d'ouvrage - les vérifications courantes de conformité par lesquelles l'entrepreneur s'assure que les caractéristiques des constituants sont conformes - les modalités de réalisation - des réglages et étalonnages - du contrôle du respect des consignes et du bon fonctionnement des matériels de fabrication et mise en œuvre des matériaux, - les moyens de fabrication, de transport et de mise en œuvre des matériaux - les modalités du contrôle de fabrication (vérification et stockage des constituants, fonctionnement des moyens de fabrication, transport et manutention) | H43: LE FORFAIT : | I43: F
A44: =IF(D44="",B44&" "&C44,B44&" "&C44&" "&D44) -> A 20 | B44: A | C44: 20 | E44: IMPLANTATION GENERALE | F44: Ce prix rémunère le dépouillement et l'exploitation des documents et plans fournis. Ce prix comprend : - l'implantation altimétrique et planimétrique des éléments suivants à partir des axes principaux et repères de nivellement existants - les limites cadastrales du terrain - les emprises des terrassements en masse après décapage de la terre végétale, - les axes des collecteurs existants et à créer - l'implantation de la voirie, bordures, bordurettes et caniveaux, - l'implantation des ouvrages Cette prestation devra être assurée par un géomètre D.P.L.G. laissé au choix de l'Entrepreneur. Ce prix se règle forfaitairement à l'ensemble des prestations dues par l'Entrepreneur au titre de son marché. | G44: =E44&CHAR(10)&F44 -> IMPLANTATION GENERALE Ce prix rémunère le dépouillement et l'exploitation des documents et plans fournis. Ce prix comprend : - l'implantation altimétrique et planimétrique des éléments suivants à partir des axes principaux et repères de nivellement existants - les limites cadastrales du terrain - les emprises des terrassements en masse après décapage de la terre végétale, - les axes des collecteurs existants et à créer - l'implantation de la voirie, bordures, bordurettes et caniveaux, - l'implantation des ouvrages Cette prestation devra être assurée par un géomètre D.P.L.G. laissé au choix de l'Entrepreneur. Ce prix se règle forfaitairement à l'ensemble des prestations dues par l'Entrepreneur au titre de son marché. | H44: LE FORFAIT : | I44: F
A45: =IF(D45="",B45&" "&C45,B45&" "&C45&" "&D45) -> A 21 | B45: A | C45: 21 | E45: PANNEAU D'INFORMATION | F45: Ce prix rémunère la fourniture à pied d’œuvre et la pose d’un panneau d’information du public équipé d’un film réflectorisé. Ce prix comprend : - la fourniture du support peint et le lestage - la fourniture la mise en peinture et la décoration du panneau fixée par le MOE, textes et logos - la mise en place - l’entretien pendant toute la durée du chantier - la dépose en fin d’opération - la remise en état des lieux à la fin des travaux | G45: =E45&CHAR(10)&F45 -> PANNEAU D'INFORMATION Ce prix rémunère la fourniture à pied d’œuvre et la pose d’un panneau d’information du public équipé d’un film réflectorisé. Ce prix comprend : - la fourniture du support peint et le lestage - la fourniture la mise en peinture et la décoration du panneau fixée par le MOE, textes et logos - la mise en place - l’entretien pendant toute la durée du chantier - la dépose en fin d’opération - la remise en état des lieux à la fin des travaux | H45: L'UNITE : | I45: U
A46: =IF(D46="",B46&" "&C46,B46&" "&C46&" "&D46) -> A 22 | B46: A | C46: 22 | E46: LOCAL DU MAITRE D'ŒUVRE | F46: Ce prix rémunère pour la durée des travaux, l'amenée, l'installation, l'équipement, la mise à disposition, l'entretien et le repli du local du Maître d'Œuvre définis dans l'article du XXXXX Ce prix comprend : - les frais d'amenée, de branchement, d'abonnement et de consommations des réseaux divers Ce prix se règle en deux fractions: - 70 % à la réalisation de l'installation, - 30 % après le repli du matériel et remise en état des lieux. | G46: =E46&CHAR(10)&F46 -> LOCAL DU MAITRE D'ŒUVRE Ce prix rémunère pour la durée des travaux, l'amenée, l'installation, l'équipement, la mise à disposition, l'entretien et le repli du local du Maître d'Œuvre définis dans l'article du XXXXX Ce prix comprend : - les frais d'amenée, de branchement, d'abonnement et de consommations des réseaux divers Ce prix se règle en deux fractions: - 70 % à la réalisation de l'installation, - 30 % après le repli du matériel et remise en état des lieux.
A47: =IF(D47="",B47&" "&C47,B47&" "&C47&" "&D47) -> A 23 | B47: A | C47: 23 | E47: DOSSIER DES OUVRAGES EXECUTES | F47: Ce prix rémunère les frais d’établissement et la fourniture des plans de récolement des ouvrages réalisés. Il comprend tous les frais nécessités par l’établissement des documents et leur livraison. - un fichier DWG compatible AUTO CAD 2006 sur CD ROM, le relevé des éléments sera en coordonnées LAMBERT aussi bien en plan qu’en altimétrie des fils d’eau des canalisations, des branchements ou des raccordements, les longueurs et pentes devront apparaître sur les documents, - les références techniques, nomenclature des teintes etc.… - les documents techniques des appareils et matériels mis en place, notice de fonctionnement, bons de garantie etc.… - deux (2) tirages, sur papier, pliés au format 21 x 29,7. Le montant de ce prix sera réglé quand tous les documents (plans, fiches, contre-plaques, disquettes) auront été remis au Maître d’Œuvre. | G47: =E47&CHAR(10)&F47 -> DOSSIER DES OUVRAGES EXECUTES Ce prix rémunère les frais d’établissement et la fourniture des plans de récolement des ouvrages réalisés. Il comprend tous les frais nécessités par l’établissement des documents et leur livraison. - un fichier DWG compatible AUTO CAD 2006 sur CD ROM, le relevé des éléments sera en coordonnées LAMBERT aussi bien en plan qu’en altimétrie des fils d’eau des canalisations, des branchements ou des raccordements, les longueurs et pentes devront apparaître sur les documents, - les références techniques, nomenclature des teintes etc.… - les documents techniques des appareils et matériels mis en place, notice de fonctionnement, bons de garantie etc.… - deux (2) tirages, sur papier, pliés au format 21 x 29,7. Le montant de ce prix sera réglé quand tous les documents (plans, fiches, contre-plaques, disquettes) auront été remis au Maître d’Œuvre. | H47: LE FORFAIT :
A48: =IF(D48="",B48&" "&C48,B48&" "&C48&" "&D48) -> A 24 | B48: A | C48: 24 | E48: PLUS VALUE POUR TRAVAUX EFFECTUES DE NUIT, LES WEEK-END ET JOURS FERIES | F48: Ce prix rémunère en pourcentage la plus value pour travaux réalisés de nuit en semaine (entre 21h et 5h). Cette plus value est calculée en pourcentage du montant des travaux effectués de nuit. Lorsque les travaux sont effectués de jour en week-end ou un jour férié, le pourcentage pris en compte pour le calcul de la plus value reste le même. Lorsque les travaux se font dans les nuits du samedi au dimanche, du dimanche au lundi et du jour férié au lendemain (entre 21h et 5h), le pourcentage qui sera appliqué est le double de celui pris initialement de nuit en semaine. | G48: =E48&CHAR(10)&F48 -> PLUS VALUE POUR TRAVAUX EFFECTUES DE NUIT, LES WEEK-END ET JOURS FERIES Ce prix rémunère en pourcentage la plus value pour travaux réalisés de nuit en semaine (entre 21h et 5h). Cette plus value est calculée en pourcentage du montant des travaux effectués de nuit. Lorsque les travaux sont effectués de jour en week-end ou un jour férié, le pourcentage pris en compte pour le calcul de la plus value reste le même. Lorsque les travaux se font dans les nuits du samedi au dimanche, du dimanche au lundi et du jour férié au lendemain (entre 21h et 5h), le pourcentage qui sera appliqué est le double de celui pris initialement de nuit en semaine. | H48: L'EURO DE TRAVAUX :
A49: =IF(D49="",B49&" "&C49,B49&" "&C49&" "&D49) -> A 25 | B49: A | C49: 25 | E49: TRAVAUX AEP ET DEFENSE INCENDIE EFFECTUES DE NUIT, LES WEEK-END ET JOURS FERIES | F49: Ce prix rémunère la mise à disposition sur appel du Maître d'ouvrage, de moyens humains et matériels et de matériaux pour des interventions de nuit, les week-end et jours fériés. L'obligation de service impose la mise à disposition de moyens 24h/24h y compris lors des périodes de congés de l'entreprise. | G49: =E49&CHAR(10)&F49 -> TRAVAUX AEP ET DEFENSE INCENDIE EFFECTUES DE NUIT, LES WEEK-END ET JOURS FERIES Ce prix rémunère la mise à disposition sur appel du Maître d'ouvrage, de moyens humains et matériels et de matériaux pour des interventions de nuit, les week-end et jours fériés. L'obligation de service impose la mise à disposition de moyens 24h/24h y compris lors des périodes de congés de l'entreprise.
A50: =IF(D50="",B50&" "&C50,B50&" "&C50&" "&D50) -> A 25 a | B50: A | C50: 25 | D50: a | E50: Travaux le Samedi | F50: =E50 -> Travaux le Samedi | G50: =F50 -> Travaux le Samedi | H50: PLUS VALUE EN % AUX PRIX DU BORDEREAU :
A51: =IF(D51="",B51&" "&C51,B51&" "&C51&" "&D51) -> A 25 b | B51: A | C51: 25 | D51: b | E51: Travaux de nuit entre 21:00 et 5:00 | F51: =E51 -> Travaux de nuit entre 21:00 et 5:00 | G51: =F51 -> Travaux de nuit entre 21:00 et 5:00 | H51: PLUS VALUE EN % AUX PRIX DU BORDEREAU :
A52: =IF(D52="",B52&" "&C52,B52&" "&C52&" "&D52) -> A 25 c | B52: A | C52: 25 | D52: c | E52: Travaux le dimanche et jours fériés | F52: =E52 -> Travaux le dimanche et jours fériés | G52: =F52 -> Travaux le dimanche et jours fériés | H52: PLUS VALUE EN % AUX PRIX DU BORDEREAU :
A53: =IF(D53="",B53&" "&C53,B53&" "&C53&" "&D53) -> A 26 | B53: A | C53: 26 | E53: INTERVENTION D'URGENCE SUR CASSES ET FUITES SUR RESEAU AEP ET DEFENSE INCENDIE | F53: Ce prix rémunère la mise à disposition sur appel du Maître d'ouvrage, de moyens humains et matériels et de matériaux pour des interventions d'urgence pour réparations de casses, fuites. L'obligation de service impose la mise à disposition de moyens 24h/24h y compris lors des périodes de congés de l'entreprise. Après avoir été informé par le Maître d’ouvrage d’une intervention de nature urgente, l’entreprise dispose de 2 heures maximum pour mobiliser ses moyens et intervenir. | G53: =E53&CHAR(10)&F53 -> INTERVENTION D'URGENCE SUR CASSES ET FUITES SUR RESEAU AEP ET DEFENSE INCENDIE Ce prix rémunère la mise à disposition sur appel du Maître d'ouvrage, de moyens humains et matériels et de matériaux pour des interventions d'urgence pour réparations de casses, fuites. L'obligation de service impose la mise à disposition de moyens 24h/24h y compris lors des périodes de congés de l'entreprise. Après avoir été informé par le Maître d’ouvrage d’une intervention de nature urgente, l’entreprise dispose de 2 heures maximum pour mobiliser ses moyens et intervenir.
A54: =IF(D54="",B54&" "&C54,B54&" "&C54&" "&D54) -> A 26 a | B54: A | C54: 26 | D54: a | E54: Intervention d'urgence entre 8:00h et 17:00 les jours ouvrés | F54: =E54 -> Intervention d'urgence entre 8:00h et 17:00 les jours ouvrés | G54: =F54 -> Intervention d'urgence entre 8:00h et 17:00 les jours ouvrés | H54: PLUS VALUE EN % AUX PRIX DU BORDEREAU :
A55: =IF(D55="",B55&" "&C55,B55&" "&C55&" "&D55) -> A 26 b | B55: A | C55: 26 | D55: b | E55: Intervention d'urgence entre 17:00 et 8:00 du lundi au vendredi, samedi dimanche et jours fériés | F55: =E55 -> Intervention d'urgence entre 17:00 et 8:00 du lundi au vendredi, samedi dimanche et jours fériés | G55: =F55 -> Intervention d'urgence entre 17:00 et 8:00 du lundi au vendredi, samedi dimanche et jours fériés | H55: PLUS VALUE EN % AUX PRIX DU BORDEREAU :
A56: =IF(D56="",B56&" "&C56,B56&" "&C56&" "&D56) -> A 27 | B56: A | C56: 27 | E56: DOSSIER D'EXPLOITATION | F56: Ce prix rémunère, au forfait, l’établissement d’un dossier d’exploitation en liaison avec les différents gestionnaires concernés et notamment le Maître d’Ouvrage, le maître d’œuvre, les collectivités, le département ou encore les services de l’Etat, pour les déviations, les phasages et les procédures spécifiques nécessaires à la bonne exécution du chantier y compris l’élaboration des plans de phasage. Ce prix comprend également la fourniture et la mise en place d’une déviation et le basculement des différentes phases. | G56: =F56 -> Ce prix rémunère, au forfait, l’établissement d’un dossier d’exploitation en liaison avec les différents gestionnaires concernés et notamment le Maître d’Ouvrage, le maître d’œuvre, les collectivités, le département ou encore les services de l’Etat, pour les déviations, les phasages et les procédures spécifiques nécessaires à la bonne exécution du chantier y compris l’élaboration des plans de phasage. Ce prix comprend également la fourniture et la mise en place d’une déviation et le basculement des différentes phases. | H56: L'UNITE : | I56: U
A57: =IF(D57="",B57&" "&C57,B57&" "&C57&" "&D57)
A58: =IF(D58="",B58&" "&C58,B58&" "&C58&" "&D58)
A59: =IF(D59="",B59&" "&C59,B59&" "&C59&" "&D59)
A60: =IF(D60="",B60&" "&C60,B60&" "&C60&" "&D60)
A61: =IF(D61="",B61&" "&C61,B61&" "&C61&" "&D61)
A62: =IF(D62="",B62&" "&C62,B62&" "&C62&" "&D62)
A63: =IF(D63="",B63&" "&C63,B63&" "&C63&" "&D63)
A64: =IF(D64="",B64&" "&C64,B64&" "&C64&" "&D64)

Sheet N MOBILIER
B1: N° DES PRIX | E1: Désignation des ouvrages | F1: Description des ouvrages | G1: Désignation et description des ouvrages | H1: Unité en texte | I1: Unité
A2: =B2 -> N | B2: N | E2: N - MOBILIER | G2: =E2 -> N - MOBILIER
A3: =IF(D3="",B3&" "&C3,B3&" "&C3&" "&D3) -> N 1 | B3: N | C3: 1 | E3: CLOTURE CHATAIGNIER ALTERNEE HAUTEUR 1,2M TYPE LA FLOTILLE | F3: Ce prix rémunère au mètre la pose de clôture châtaignier conformément aux prescriptions du C.C.T.P et des pièces graphiques. Ce prix comprend : La fourniture, le chargement, le transport et le déchargement des éléments constituant la clôture, La pose des poteaux en parfait alignement et le scellement au sol par un socle béton grossier (250 kg), les terrassements correspondants y compris remblais et évacuation des excédents aux décharges, La fixation ou l’assemblage des panneaux de clôture aux poteaux, L’évacuation en décharge des déchets, y compris droits de décharge, empêchant notamment la bonne mise en place de la clôture, Le nettoyage général des zones de travaux et l’évacuation des matériaux ou produits de mise en œuvre, Y compris toutes sujétions de mise en œuvre, liées à la topographie du terrain | G3: =E3&CHAR(10)&F3 -> CLOTURE CHATAIGNIER ALTERNEE HAUTEUR 1,2M TYPE LA FLOTILLE Ce prix rémunère au mètre la pose de clôture châtaignier conformément aux prescriptions du C.C.T.P et des pièces graphiques. Ce prix comprend : La fourniture, le chargement, le transport et le déchargement des éléments constituant la clôture, La pose des poteaux en parfait alignement et le scellement au sol par un socle béton grossier (250 kg), les terrassements correspondants y compris remblais et évacuation des excédents aux décharges, La fixation ou l’assemblage des panneaux de clôture aux poteaux, L’évacuation en décharge des déchets, y compris droits de décharge, empêchant notamment la bonne mise en place de la clôture, Le nettoyage général des zones de travaux et l’évacuation des matériaux ou produits de mise en œuvre, Y compris toutes sujétions de mise en œuvre, liées à la topographie du terrain | H3: LE METRE : | I3: M
A4: =IF(D4="",B4&" "&C4,B4&" "&C4&" "&D4) -> N 2 | B4: N | C4: 2 | E4: PORTILLON CHATAIGNIER ALTERNEE HAUTEUR 1,2M TYPE LA FLOTILLE | F4: Ce prix rémunère à l’unité la pose de portillons en clôture châtaignier. Ce prix comprend : La fourniture, le chargement, le transport et le déchargement des éléments constituant les portillons, La pose des poteaux scellés au sol par un socle béton grossier (250 kg) ou sur platines, parfaitement aligné en hauteur avec la clôture, La fixation ou l’assemblage des vantaux aux poteaux, les terrassements correspondants y compris remblais et évacuation des excédents aux décharges, L’évacuation en décharge des déchets, y compris droits de décharge, empêchant notamment la bonne mise en place des portillons, Le nettoyage général des zones de travaux et l’évacuation des matériaux ou produits de mise en œuvre. Y compris toutes sujétions de mise en œuvre, liées à la topographie du terrain. | G4: =E4&CHAR(10)&F4 -> PORTILLON CHATAIGNIER ALTERNEE HAUTEUR 1,2M TYPE LA FLOTILLE Ce prix rémunère à l’unité la pose de portillons en clôture châtaignier. Ce prix comprend : La fourniture, le chargement, le transport et le déchargement des éléments constituant les portillons, La pose des poteaux scellés au sol par un socle béton grossier (250 kg) ou sur platines, parfaitement aligné en hauteur avec la clôture, La fixation ou l’assemblage des vantaux aux poteaux, les terrassements correspondants y compris remblais et évacuation des excédents aux décharges, L’évacuation en décharge des déchets, y compris droits de décharge, empêchant notamment la bonne mise en place des portillons, Le nettoyage général des zones de travaux et l’évacuation des matériaux ou produits de mise en œuvre. Y compris toutes sujétions de mise en œuvre, liées à la topographie du terrain. | H4: L’UNITE : | I4: U
A5: =IF(D5="",B5&" "&C5,B5&" "&C5&" "&D5) -> N 3 | B5: N | C5: 3 | E5: PORTAIL CHATAIGNIER ALTERNEE HAUTEUR 1,2M TYPE LA FLOTILLE | F5: Ce prix rémunère à l’unité la pose de portail en clôture châtaignier. Ce prix comprend : La fourniture, le chargement, le transport et le déchargement des éléments constituant le portail, La pose des poteaux scellés au sol par un socle béton grossier (250 kg) ou sur platines, parfaitement aligné en hauteur avec la clôture, La fixation ou l’assemblage des vantaux aux poteaux, les terrassements correspondants y compris remblais et évacuation des excédents aux décharges, L’évacuation en décharge des déchets, y compris droits de décharge, empêchant notamment la bonne mise en place du portail, Le nettoyage général des zones de travaux et l’évacuation des matériaux ou produits de mise en œuvre. Y compris toutes sujétions de mise en œuvre, liées à la topographie du terrain. | G5: =E5&CHAR(10)&F5 -> PORTAIL CHATAIGNIER ALTERNEE HAUTEUR 1,2M TYPE LA FLOTILLE Ce prix rémunère à l’unité la pose de portail en clôture châtaignier. Ce prix comprend : La fourniture, le chargement, le transport et le déchargement des éléments constituant le portail, La pose des poteaux scellés au sol par un socle béton grossier (250 kg) ou sur platines, parfaitement aligné en hauteur avec la clôture, La fixation ou l’assemblage des vantaux aux poteaux, les terrassements correspondants y compris remblais et évacuation des excédents aux décharges, L’évacuation en décharge des déchets, y compris droits de décharge, empêchant notamment la bonne mise en place du portail, Le nettoyage général des zones de travaux et l’évacuation des matériaux ou produits de mise en œuvre. Y compris toutes sujétions de mise en œuvre, liées à la topographie du terrain. | H5: L’UNITE : | I5: U
A6: =IF(D6="",B6&" "&C6,B6&" "&C6&" "&D6) -> N 4 | B6: N | C6: 4 | E6: CLOTURE NOISETIER TRESSE HAUTEUR 1,15M TYPE LOIRE 1 | F6: Ce prix rémunère au mètre la pose de clôture noisetier conformément aux prescriptions du C.C.T.P et des pièces graphiques. Ce prix comprend : La fourniture, le chargement, le transport et le déchargement des éléments constituant la clôture, La pose des poteaux en parfait alignement et le scellement au sol par un socle béton grossier (250 kg), les terrassements correspondants y compris remblais et évacuation des excédents aux décharges, La fixation ou l’assemblage des panneaux de clôture aux poteaux, L’évacuation en décharge des déchets, y compris droits de décharge, empêchant notamment la bonne mise en place de la clôture, Le nettoyage général des zones de travaux et l’évacuation des matériaux ou produits de mise en œuvre, Y compris toutes sujétions de mise en œuvre, liées à la topographie du terrain | G6: =E6&CHAR(10)&F6 -> CLOTURE NOISETIER TRESSE HAUTEUR 1,15M TYPE LOIRE 1 Ce prix rémunère au mètre la pose de clôture noisetier conformément aux prescriptions du C.C.T.P et des pièces graphiques. Ce prix comprend : La fourniture, le chargement, le transport et le déchargement des éléments constituant la clôture, La pose des poteaux en parfait alignement et le scellement au sol par un socle béton grossier (250 kg), les terrassements correspondants y compris remblais et évacuation des excédents aux décharges, La fixation ou l’assemblage des panneaux de clôture aux poteaux, L’évacuation en décharge des déchets, y compris droits de décharge, empêchant notamment la bonne mise en place de la clôture, Le nettoyage général des zones de travaux et l’évacuation des matériaux ou produits de mise en œuvre, Y compris toutes sujétions de mise en œuvre, liées à la topographie du terrain | H6: LE METRE : | I6: M
A7: =IF(D7="",B7&" "&C7,B7&" "&C7&" "&D7) -> N 5 | B7: N | C7: 5 | E7: BANCS | F7: Ce prix rémunère à l’unité, la fourniture et pose de mobilier urbain tel que décris dans le CCTP. Ce prix comprend : le terrassement complémentaire, la confection des massifs de scellement en béton dosé à 350kg/m3 de ciment CP 45, y compris façon de réservation, tiges et platine de fixation éventuelles ou carottage, ou ferraillage, le remblaiement périphérique, y compris le compactage et l'évacuation des matériaux excédentaires aux décharges, La fourniture, le chargement, le transport et le déchargement la mise en place et la fixation du mobilier. | G7: =E7&CHAR(10)&F7 -> BANCS Ce prix rémunère à l’unité, la fourniture et pose de mobilier urbain tel que décris dans le CCTP. Ce prix comprend : le terrassement complémentaire, la confection des massifs de scellement en béton dosé à 350kg/m3 de ciment CP 45, y compris façon de réservation, tiges et platine de fixation éventuelles ou carottage, ou ferraillage, le remblaiement périphérique, y compris le compactage et l'évacuation des matériaux excédentaires aux décharges, La fourniture, le chargement, le transport et le déchargement la mise en place et la fixation du mobilier.
A8: =IF(D8="",B8&" "&C8,B8&" "&C8&" "&D8) -> N 5 a | B8: N | C8: 5 | D8: a | E8: Banc "DROIT" conforme aux pièces graphiques et CCTP | F8: =E8 -> Banc "DROIT" conforme aux pièces graphiques et CCTP | G8: =F8 -> Banc "DROIT" conforme aux pièces graphiques et CCTP | H8: L’UNITE : | I8: U
A9: =IF(D9="",B9&" "&C9,B9&" "&C9&" "&D9) -> N 5 b | B9: N | C9: 5 | D9: b | E9: Banc "ANGLE DROIT" conformement aux pièces graphiques et CCTP | F9: =E9 -> Banc "ANGLE DROIT" conformement aux pièces graphiques et CCTP | G9: =F9 -> Banc "ANGLE DROIT" conformement aux pièces graphiques et CCTP | H9: L’UNITE : | I9: U
A10: =IF(D10="",B10&" "&C10,B10&" "&C10&" "&D10) -> N 5 c | B10: N | C10: 5 | D10: c | E10: Banc "ANGLE" conformement aux pièces graphiques et CCTP | F10: =E10 -> Banc "ANGLE" conformement aux pièces graphiques et CCTP | G10: =F10 -> Banc "ANGLE" conformement aux pièces graphiques et CCTP | H10: L’UNITE : | I10: U
A11: =IF(D11="",B11&" "&C11,B11&" "&C11&" "&D11) -> N 6 | B11: N | C11: 6 | E11: TABOURET TYPE ECOBAT | F11: Ce prix rémunère à l’unité, la fourniture et pose de mobilier urbain tel que décris dans le CCTP. Ce prix comprend : le terrassement complémentaire, la confection des massifs de scellement en béton dosé à 350kg/m3 de ciment CP 45, y compris façon de réservation, tiges et platine de fixation éventuelles ou carottage, ou ferraillage, le remblaiement périphérique, y compris le compactage et l'évacuation des matériaux excédentaires aux décharges, La fourniture, le chargement, le transport et le déchargement la mise en place et la fixation du mobilier. | G11: =E11&CHAR(10)&F11 -> TABOURET TYPE ECOBAT Ce prix rémunère à l’unité, la fourniture et pose de mobilier urbain tel que décris dans le CCTP. Ce prix comprend : le terrassement complémentaire, la confection des massifs de scellement en béton dosé à 350kg/m3 de ciment CP 45, y compris façon de réservation, tiges et platine de fixation éventuelles ou carottage, ou ferraillage, le remblaiement périphérique, y compris le compactage et l'évacuation des matériaux excédentaires aux décharges, La fourniture, le chargement, le transport et le déchargement la mise en place et la fixation du mobilier. | H11: L’UNITE : | I11: U
A12: =IF(D12="",B12&" "&C12,B12&" "&C12&" "&D12) -> N 7 | B12: N | C12: 7 | E12: POTELET | F12: Ce prix rémunère à l’unité, la fourniture et pose de mobilier urbain tel que décris dans le CCTP. Ce prix comprend : - la découpe du revêtement de surface et de la couche de fondation à la carotteuse, - le terrassement complémentaire, - la confection des massifs de scellement y compris façon de réservation, tiges et platine de fixation éventuelles ou carottage, ou ferraillage, - le remblaiement périphérique, y compris le compactage et l'évacuation des matériaux excédentaires aux décharges, - le cas échéant le complètement au niveau fini avec un mortier de la teinte du revêtement de surface - La fourniture, le chargement, le transport et le déchargement la mise en place et la fixation du mobilier. | G12: =E12&CHAR(10)&F12 -> POTELET Ce prix rémunère à l’unité, la fourniture et pose de mobilier urbain tel que décris dans le CCTP. Ce prix comprend : - la découpe du revêtement de surface et de la couche de fondation à la carotteuse, - le terrassement complémentaire, - la confection des massifs de scellement y compris façon de réservation, tiges et platine de fixation éventuelles ou carottage, ou ferraillage, - le remblaiement périphérique, y compris le compactage et l'évacuation des matériaux excédentaires aux décharges, - le cas échéant le complètement au niveau fini avec un mortier de la teinte du revêtement de surface - La fourniture, le chargement, le transport et le déchargement la mise en place et la fixation du mobilier.
A13: =IF(D13="",B13&" "&C13,B13&" "&C13&" "&D13) -> N 7 a | B13: N | C13: 7 | D13: a | E13: SERI potelet à boule Ø114 à sceller 800mm hors sol | F13: =E13 -> SERI potelet à boule Ø114 à sceller 800mm hors sol | G13: =F13 -> SERI potelet à boule Ø114 à sceller 800mm hors sol | H13: L’UNITE : | I13: U
A14: =IF(D14="",B14&" "&C14,B14&" "&C14&" "&D14) -> N 7 b | B14: N | C14: 7 | D14: b | E14: SERI potelet à boule Ø114 à sceller 1200mm hors sol | F14: =E14 -> SERI potelet à boule Ø114 à sceller 1200mm hors sol | G14: =F14 -> SERI potelet à boule Ø114 à sceller 1200mm hors sol | H14: L’UNITE : | I14: U
A15: =IF(D15="",B15&" "&C15,B15&" "&C15&" "&D15) -> N 7 c | B15: N | C15: 7 | D15: c | E15: SERI potelet à boule Ø114 amovible 800mm hors sol y compris boitier de sol | F15: =E15 -> SERI potelet à boule Ø114 amovible 800mm hors sol y compris boitier de sol | G15: =F15 -> SERI potelet à boule Ø114 amovible 800mm hors sol y compris boitier de sol | H15: L’UNITE : | I15: U
A16: =IF(D16="",B16&" "&C16,B16&" "&C16&" "&D16) -> N 7 d | B16: N | C16: 7 | D16: d | E16: SERI potelet à boule Ø114 amovible 1200mm hors sol y compris boitier de sol | F16: =E16 -> SERI potelet à boule Ø114 amovible 1200mm hors sol y compris boitier de sol | G16: =F16 -> SERI potelet à boule Ø114 amovible 1200mm hors sol y compris boitier de sol | H16: L’UNITE : | I16: U
A17: =IF(D17="",B17&" "&C17,B17&" "&C17&" "&D17) -> N 7 e | B17: N | C17: 7 | D17: e | E17: SERI potelet à boule Ø76 à sceller 1000mm hors sol | F17: =E17 -> SERI potelet à boule Ø76 à sceller 1000mm hors sol | G17: =F17 -> SERI potelet à boule Ø76 à sceller 1000mm hors sol | H17: L’UNITE : | I17: U
A18: =IF(D18="",B18&" "&C18,B18&" "&C18&" "&D18) -> N 7 f | B18: N | C18: 7 | D18: f | E18: SERI potelet à boule Ø76 à sceller 1200mm hors sol | F18: =E18 -> SERI potelet à boule Ø76 à sceller 1200mm hors sol | G18: =F18 -> SERI potelet à boule Ø76 à sceller 1200mm hors sol | H18: L’UNITE : | I18: U
A19: =IF(D19="",B19&" "&C19,B19&" "&C19&" "&D19) -> N 7 g | B19: N | C19: 7 | D19: g | E19: SERI potelet à boule Ø76 amovible 1000mm hors sol y compris boitier de sol | F19: =E19 -> SERI potelet à boule Ø76 amovible 1000mm hors sol y compris boitier de sol | G19: =F19 -> SERI potelet à boule Ø76 amovible 1000mm hors sol y compris boitier de sol | H19: L’UNITE : | I19: U
A20: =IF(D20="",B20&" "&C20,B20&" "&C20&" "&D20) -> N 7 h | B20: N | C20: 7 | D20: h | E20: SERI potelet à boule Ø76 amovible 1200mm hors sol y compris boitier de sol | F20: =E20 -> SERI potelet à boule Ø76 amovible 1200mm hors sol y compris boitier de sol | G20: =F20 -> SERI potelet à boule Ø76 amovible 1200mm hors sol y compris boitier de sol | H20: L’UNITE : | I20: U
A21: =IF(D21="",B21&" "&C21,B21&" "&C21&" "&D21) -> N 7 i | B21: N | C21: 7 | D21: i | E21: SERI potelet LIBER à sceller 1000mm hors sol | F21: =E21 -> SERI potelet LIBER à sceller 1000mm hors sol | G21: =F21 -> SERI potelet LIBER à sceller 1000mm hors sol | H21: L’UNITE : | I21: U
A22: =IF(D22="",B22&" "&C22,B22&" "&C22&" "&D22) -> N 7 j | B22: N | C22: 7 | D22: j | E22: SERI potelet LIBER amovible 1000mm hors sol y compris boitier de sol | F22: =E22 -> SERI potelet LIBER amovible 1000mm hors sol y compris boitier de sol | G22: =F22 -> SERI potelet LIBER amovible 1000mm hors sol y compris boitier de sol | H22: L’UNITE : | I22: U
A23: =IF(D23="",B23&" "&C23,B23&" "&C23&" "&D23) -> N 7 k | B23: N | C23: 7 | D23: k | E23: SERI potelet NEPTUNE à sceller 1000mm hors sol | F23: =E23 -> SERI potelet NEPTUNE à sceller 1000mm hors sol | G23: =F23 -> SERI potelet NEPTUNE à sceller 1000mm hors sol | H23: L’UNITE : | I23: U
A24: =IF(D24="",B24&" "&C24,B24&" "&C24&" "&D24) -> N 7 l | B24: N | C24: 7 | D24: l | E24: URBACO potelet DEMOISELLE à sceller 900mm hors sol | F24: =E24 -> URBACO potelet DEMOISELLE à sceller 900mm hors sol | G24: =F24 -> URBACO potelet DEMOISELLE à sceller 900mm hors sol | H24: L’UNITE : | I24: U
... A28: =IF(D28="",B28&" "&C28,B28&" "&C28&" "&D28) -> N 7 p | B28: N | C28: 7 | D28: p | E28: bois de pin chêne classe III, section 12cmx20cm longueur 1m, bords verticaux et horizontaux chanfreinés y compris protection de la partie enterrée au moyen d’une imprégnation protectrice imperméabilisante et antihumidité | F28: =E28 -> bois de pin chêne classe III, section 12cmx20cm longueur 1m, bords verticaux et horizontaux chanfreinés y compris protection de la partie enterrée au moyen d’une imprégnation protectrice imperméabilisante et antihumidité | G28: =F28 -> bois de pin chêne classe III, section 12cmx20cm longueur 1m, bords verticaux et horizontaux chanfreinés y compris protection de la partie enterrée au moyen d’une imprégnation protectrice imperméabilisante et antihumidité | H28: L’UNITE : | I28: U
A29: =IF(D29="",B29&" "&C29,B29&" "&C29&" "&D29) -> N 8 | B29: N | C29: 8 | E29: CLOU DE CHAUSSEE | F29: Ce prix rémunère à l’unité la fourniture et la pose de clous de chaussée en inox, acier peint ou bronze. Ce prix comprend : - la fourniture des clous - les dispositifs de fixation nécessaires, y compris percement d’éléments en pierre naturelle neuve - le remplacement éventuel des éléments en pierre naturelle abimés par le percement - toutes sujétions inhérentes à ce prix. | G29: =E29&CHAR(10)&F29 -> CLOU DE CHAUSSEE Ce prix rémunère à l’unité la fourniture et la pose de clous de chaussée en inox, acier peint ou bronze. Ce prix comprend : - la fourniture des clous - les dispositifs de fixation nécessaires, y compris percement d’éléments en pierre naturelle neuve - le remplacement éventuel des éléments en pierre naturelle abimés par le percement - toutes sujétions inhérentes à ce prix.
A30: =IF(D30="",B30&" "&C30,B30&" "&C30&" "&D30) -> N 8 a | B30: N | C30: 8 | D30: a | E30: Clous carrés inox brossé 120*120, Fusion de chez UNIVERS & CITE | F30: =E30 -> Clous carrés inox brossé 120*120, Fusion de chez UNIVERS & CITE | G30: =F30 -> Clous carrés inox brossé 120*120, Fusion de chez UNIVERS & CITE | H30: L’UNITE : | I30: U
A31: =IF(D31="",B31&" "&C31,B31&" "&C31&" "&D31) -> N 8 b | B31: N | C31: 8 | D31: b | E31: Clous carrés inox brossé 80*80, Fusion de chez UNIVERS & CITE | F31: =E31 -> Clous carrés inox brossé 80*80, Fusion de chez UNIVERS & CITE | G31: =F31 -> Clous carrés inox brossé 80*80, Fusion de chez UNIVERS & CITE | H31: L’UNITE : | I31: U
A32: =IF(D32="",B32&" "&C32,B32&" "&C32&" "&D32) -> N 9 | B32: N | C32: 9 | E32: CORBEILLE | F32: Ce prix rémunère à l’unité, la fourniture et pose de mobilier urbain tel que décris dans le CCTP. Ce prix comprend : - la découpe du revêtement de surface et de la couche de fondation à la carotteuse, - le terrassement complémentaire, - la confection des massifs de scellement en béton dosé à 350kg/m3 de ciment CP 45, y compris façon de réservation, tiges et platine de fixation éventuelles ou carottage, ou ferraillage, - le remblaiement périphérique, y compris le compactage et l'évacuation des matériaux excédentaires aux décharges, - le cas échéant le complètement au niveau fini avec un mortier de la teinte du revêtement de surface - La fourniture, le chargement, le transport et le déchargement la mise en place et la fixation du mobilier. | G32: =E32&CHAR(10)&F32 -> CORBEILLE Ce prix rémunère à l’unité, la fourniture et pose de mobilier urbain tel que décris dans le CCTP. Ce prix comprend : - la découpe du revêtement de surface et de la couche de fondation à la carotteuse, - le terrassement complémentaire, - la confection des massifs de scellement en béton dosé à 350kg/m3 de ciment CP 45, y compris façon de réservation, tiges et platine de fixation éventuelles ou carottage, ou ferraillage, - le remblaiement périphérique, y compris le compactage et l'évacuation des matériaux excédentaires aux décharges, - le cas échéant le complètement au niveau fini avec un mortier de la teinte du revêtement de surface - La fourniture, le chargement, le transport et le déchargement la mise en place et la fixation du mobilier. | H32: L’UNITE : | I32: U
A33: =IF(D33="",B33&" "&C33,B33&" "&C33&" "&D33) -> N 10 | B33: N | C33: 10 | E33: BORNE | F33: Ce prix rémunère à l’unité, la fourniture et pose de mobilier urbain tel que décris dans le CCTP. Ce prix comprend : - le terrassement complémentaire, - la confection des massifs de scellement y compris façon de réservation, tiges et platine de fixation éventuelles ou carottage, ou ferraillage, - le remblaiement périphérique, y compris le compactage et l'évacuation des matériaux excédentaires aux décharges, - le cas échéant le complètement au niveau fini avec un mortier de la teinte du revêtement de surface - La fourniture, le chargement, le transport et le déchargement la mise en place et la fixation du mobilier. | G33: =E33&CHAR(10)&F33 -> BORNE Ce prix rémunère à l’unité, la fourniture et pose de mobilier urbain tel que décris dans le CCTP. Ce prix comprend : - le terrassement complémentaire, - la confection des massifs de scellement y compris façon de réservation, tiges et platine de fixation éventuelles ou carottage, ou ferraillage, - le remblaiement périphérique, y compris le compactage et l'évacuation des matériaux excédentaires aux décharges, - le cas échéant le complètement au niveau fini avec un mortier de la teinte du revêtement de surface - La fourniture, le chargement, le transport et le déchargement la mise en place et la fixation du mobilier.
A34: =IF(D34="",B34&" "&C34,B34&" "&C34&" "&D34) -> N 10 a | B34: N | C34: 10 | D34: a | E34: GIRPAV borne GBNA | F34: =E34 -> GIRPAV borne GBNA | G34: =F34 -> GIRPAV borne GBNA | H34: L’UNITE : | I34: U
A35: =IF(D35="",B35&" "&C35,B35&" "&C35&" "&D35) -> N 10 b | B35: N | C35: 10 | D35: b | E35: GIRPAV borne GBVA | F35: =E35 -> GIRPAV borne GBVA | G35: =F35 -> GIRPAV borne GBVA | H35: L’UNITE : | I35: U
A36: =IF(D36="",B36&" "&C36,B36&" "&C36&" "&D36) -> N 10 c | B36: N | C36: 10 | D36: c | E36: GIRPAV borne GBAG | F36: =E36 -> GIRPAV borne GBAG | G36: =F36 -> GIRPAV borne GBAG | H36: L’UNITE : | I36: U
A37: =IF(D37="",B37&" "&C37,B37&" "&C37&" "&D37) -> N 10 d | B37: N | C37: 10 | D37: d | E37: GIRPAV borne GBCH | F37: =E37 -> GIRPAV borne GBCH | G37: =F37 -> GIRPAV borne GBCH | H37: L’UNITE : | I37: U
A38: =IF(D38="",B38&" "&C38,B38&" "&C38&" "&D38) -> N 10 e | B38: N | C38: 10 | D38: e | E38: LEBEAU borne rustique | F38: =E38 -> LEBEAU borne rustique | G38: =F38 -> LEBEAU borne rustique | H38: L’UNITE : | I38: U
A39: =IF(D39="",B39&" "&C39,B39&" "&C39&" "&D39) -> N 10 f | B39: N | C39: 10 | D39: f | E39: JONCHERE REPLIK borne tronc conique 1 | F39: =E39 -> JONCHERE REPLIK borne tronc conique 1 | G39: =F39 -> JONCHERE REPLIK borne tronc conique 1 | H39: L’UNITE : | I39: U
A40: =IF(D40="",B40&" "&C40,B40&" "&C40&" "&D40) -> N 10 g | B40: N | C40: 10 | D40: g | E40: JONCHERE REPLIK borne tronc conique 2 | F40: =E40 -> JONCHERE REPLIK borne tronc conique 2 | G40: =F40 -> JONCHERE REPLIK borne tronc conique 2 | H40: L’UNITE : | I40: U
A41: =IF(D41="",B41&" "&C41,B41&" "&C41&" "&D41) -> N 10 h | B41: N | C41: 10 | D41: h | E41: GIRPAV borne GBCH | F41: =E41 -> GIRPAV borne GBCH | G41: =F41 -> GIRPAV borne GBCH | H41: L’UNITE : | I41: U
A42: =IF(D42="",B42&" "&C42,B42&" "&C42&" "&D42) -> N 11 | B42: N | C42: 11 | E42: BORNE ESCAMOTABLE | F42: Ce prix rémunère à l’unité, la fourniture et pose de mobilier urbain tel que décris dans le CCTP. Ce prix comprend : - la découpe du revêtement de surface et de la couche de fondation à la carotteuse, - le terrassement complémentaire, - la confection des massifs de scellement en béton dosé à 350kg/m3 de ciment CP 45, y compris façon de réservation, tiges et platine de fixation éventuelles ou carottage, ou ferraillage, - le remblaiement périphérique, y compris le compactage et l'évacuation des matériaux excédentaires aux décharges, - le cas échéant le complètement au niveau fini avec un mortier de la teinte du revêtement de surface - La fourniture, le chargement, le transport et le déchargement la mise en place et la fixation du mobilier. | G42: =E42&CHAR(10)&F42 -> BORNE ESCAMOTABLE Ce prix rémunère à l’unité, la fourniture et pose de mobilier urbain tel que décris dans le CCTP. Ce prix comprend : - la découpe du revêtement de surface et de la couche de fondation à la carotteuse, - le terrassement complémentaire, - la confection des massifs de scellement en béton dosé à 350kg/m3 de ciment CP 45, y compris façon de réservation, tiges et platine de fixation éventuelles ou carottage, ou ferraillage, - le remblaiement périphérique, y compris le compactage et l'évacuation des matériaux excédentaires aux décharges, - le cas échéant le complètement au niveau fini avec un mortier de la teinte du revêtement de surface - La fourniture, le chargement, le transport et le déchargement la mise en place et la fixation du mobilier. | H42: L’UNITE : | I42: U
A43: =IF(D43="",B43&" "&C43,B43&" "&C43&" "&D43) -> N 12 | B43: N | C43: 12 | E43: BARRIERE DE VILLE | F43: Ce prix rémunère à l’unité, la fourniture et pose de mobilier urbain tel que décris dans le CCTP. Ce prix comprend : - la découpe du revêtement de surface et de la couche de fondation à la carotteuse, - le terrassement complémentaire, - la confection des massifs de scellement en béton dosé à 350kg/m3 de ciment CP 45, y compris façon de réservation, tiges et platine de fixation éventuelles ou carottage, ou ferraillage, - le remblaiement périphérique, y compris le compactage et l'évacuation des matériaux excédentaires aux décharges, - le cas échéant le complètement au niveau fini avec un mortier de la teinte du revêtement de surface - La fourniture, le chargement, le transport et le déchargement la mise en place et la fixation du mobilier. | G43: =E43&CHAR(10)&F43 -> BARRIERE DE VILLE Ce prix rémunère à l’unité, la fourniture et pose de mobilier urbain tel que décris dans le CCTP. Ce prix comprend : - la découpe du revêtement de surface et de la couche de fondation à la carotteuse, - le terrassement complémentaire, - la confection des massifs de scellement en béton dosé à 350kg/m3 de ciment CP 45, y compris façon de réservation, tiges et platine de fixation éventuelles ou carottage, ou ferraillage, - le remblaiement périphérique, y compris le compactage et l'évacuation des matériaux excédentaires aux décharges, - le cas échéant le complètement au niveau fini avec un mortier de la teinte du revêtement de surface - La fourniture, le chargement, le transport et le déchargement la mise en place et la fixation du mobilier.
A44: =IF(D44="",B44&" "&C44,B44&" "&C44&" "&D44) -> N 12 a | B44: N | C44: 12 | D44: a | E44: SERI type "Croix St André" 1630mm | F44: =E44 -> SERI type "Croix St André" 1630mm | G44: =F44 -> SERI type "Croix St André" 1630mm | H44: L’UNITE : | I44: U
A45: =IF(D45="",B45&" "&C45,B45&" "&C45&" "&D45) -> N 12 b | B45: N | C45: 12 | D45: =CHAR(CODE(D44)+1) -> b | E45: SERI type "Croix St André" 830mm | F45: =E45 -> SERI type "Croix St André" 830mm | G45: =F45 -> SERI type "Croix St André" 830mm | H45: L’UNITE : | I45: U
A46: =IF(D46="",B46&" "&C46,B46&" "&C46&" "&D46) -> N 12 c | B46: N | C46: 12 | D46: =CHAR(CODE(D45)+1) -> c | E46: SERI type "double croix de St André" 1940mm | F46: =E46 -> SERI type "double croix de St André" 1940mm | G46: =F46 -> SERI type "double croix de St André" 1940mm | H46: L’UNITE : | I46: U
A47: =IF(D47="",B47&" "&C47,B47&" "&C47&" "&D47) -> N 12 d | B47: N | C47: 12 | D47: =CHAR(CODE(D46)+1) -> d | E47: SERI type "losange" 1550mm | F47: =E47 -> SERI type "losange" 1550mm | G47: =F47 -> SERI type "losange" 1550mm | H47: L’UNITE : | I47: U
A48: =IF(D48="",B48&" "&C48,B48&" "&C48&" "&D48) -> N 12 e | B48: N | C48: 12 | D48: =CHAR(CODE(D47)+1) -> e | E48: SERI type "losange" 1000mm | F48: =E48 -> SERI type "losange" 1000mm | G48: =F48 -> SERI type "losange" 1000mm | H48: L’UNITE : | I48: U
A49: =IF(D49="",B49&" "&C49,B49&" "&C49&" "&D49) -> N 12 f | B49: N | C49: 12 | D49: =CHAR(CODE(D48)+1) -> f | E49: Plus value au prix H3a des barrières pour grillage | F49: =E49 -> Plus value au prix H3a des barrières pour grillage | G49: =F49 -> Plus value au prix H3a des barrières pour grillage | H49: L’UNITE : | I49: U
A50: =IF(D50="",B50&" "&C50,B50&" "&C50&" "&D50) -> N 12 g | B50: N | C50: 12 | D50: =CHAR(CODE(D49)+1) -> g | E50: Plus value au prix H3b des barrières pour grillage | F50: =E50 -> Plus value au prix H3b des barrières pour grillage | G50: =F50 -> Plus value au prix H3b des barrières pour grillage | H50: L’UNITE : | I50: U
A51: =IF(D51="",B51&" "&C51,B51&" "&C51&" "&D51) -> N 12 h | B51: N | C51: 12 | D51: =CHAR(CODE(D50)+1) -> h | E51: Plus value au prix H3c des barrières pour grillage | F51: =E51 -> Plus value au prix H3c des barrières pour grillage | G51: =F51 -> Plus value au prix H3c des barrières pour grillage | H51: L’UNITE : | I51: U
A52: =IF(D52="",B52&" "&C52,B52&" "&C52&" "&D52) -> N 12 i | B52: N | C52: 12 | D52: =CHAR(CODE(D51)+1) -> i | E52: Plus value au prix H3d des barrières pour grillage | F52: =E52 -> Plus value au prix H3d des barrières pour grillage | G52: =F52 -> Plus value au prix H3d des barrières pour grillage | H52: L’UNITE : | I52: U
A53: =IF(D53="",B53&" "&C53,B53&" "&C53&" "&D53) -> N 12 j | B53: N | C53: 12 | D53: =CHAR(CODE(D52)+1) -> j | E53: Plus value au prix H3e des barrières pour grillage | F53: =E53 -> Plus value au prix H3e des barrières pour grillage | G53: =F53 -> Plus value au prix H3e des barrières pour grillage | H53: L’UNITE : | I53: U
A54: =IF(D54="",B54&" "&C54,B54&" "&C54&" "&D54) -> N 12 k | B54: N | C54: 12 | D54: =CHAR(CODE(D53)+1) -> k | E54: Plus value au prix H3a des barrières pour main courante | F54: =E54 -> Plus value au prix H3a des barrières pour main courante | G54: =F54 -> Plus value au prix H3a des barrières pour main courante | H54: L’UNITE : | I54: U
A55: =IF(D55="",B55&" "&C55,B55&" "&C55&" "&D55) -> N 12 l | B55: N | C55: 12 | D55: =CHAR(CODE(D54)+1) -> l | E55: Plus value au prix H3b des barrières pour main courante | F55: =E55 -> Plus value au prix H3b des barrières pour main courante | G55: =F55 -> Plus value au prix H3b des barrières pour main courante | H55: L’UNITE : | I55: U
A56: =IF(D56="",B56&" "&C56,B56&" "&C56&" "&D56) -> N 12 m | B56: N | C56: 12 | D56: =CHAR(CODE(D55)+1) -> m | E56: Plus value au prix H3c des barrières pour main courante | F56: =E56 -> Plus value au prix H3c des barrières pour main courante | G56: =F56 -> Plus value au prix H3c des barrières pour main courante | H56: L’UNITE : | I56: U
... A58: =IF(D58="",B58&" "&C58,B58&" "&C58&" "&D58) -> N 12 o | B58: N | C58: 12 | D58: =CHAR(CODE(D57)+1) -> o | E58: Plus value au prix H3e des barrières pour main courante | F58: =E58 -> Plus value au prix H3e des barrières pour main courante | G58: =F58 -> Plus value au prix H3e des barrières pour main courante | H58: L’UNITE : | I58: U
A59: =IF(D59="",B59&" "&C59,B59&" "&C59&" "&D59) -> N 13 | B59: N | C59: 13 | E59: LISSE BOIS | F59: Ce prix rémunère la fourniture et pose de lisses bois tel que décris dans le CCTP et les pièces graphiques. Ce prix comprend : - le terrassement complémentaire, - la confection des massifs de scellement en béton dosé à 350kg/m3 de ciment CP 45, y compris façon de réservation, tiges et platine de fixation éventuelles ou carottage, ou ferraillage, - le remblaiement périphérique, y compris le compactage et l'évacuation des matériaux excédentaires aux décharges, La fourniture, le chargement, le transport et le déchargement la mise en place et la fixation des lisses en bois. | G59: =E59&CHAR(10)&F59 -> LISSE BOIS Ce prix rémunère la fourniture et pose de lisses bois tel que décris dans le CCTP et les pièces graphiques. Ce prix comprend : - le terrassement complémentaire, - la confection des massifs de scellement en béton dosé à 350kg/m3 de ciment CP 45, y compris façon de réservation, tiges et platine de fixation éventuelles ou carottage, ou ferraillage, - le remblaiement périphérique, y compris le compactage et l'évacuation des matériaux excédentaires aux décharges, La fourniture, le chargement, le transport et le déchargement la mise en place et la fixation des lisses en bois. | H59: LE METRE : | I59: M
A60: =IF(D60="",B60&" "&C60,B60&" "&C60&" "&D60) -> N 14 | B60: N | C60: 14 | E60: POSE DE MOBILIERS FOURNIS | F60: Ce prix rémunère à l’unité, la fourniture et pose de mobilier urbain fournis par la collectivité. Ce prix comprend : - le terrassement complémentaire, - la confection des massifs de scellement en béton dosé à 350kg/m3 de ciment CP 45, y compris façon de réservation, tiges et platine de fixation éventuelles ou carottage, ou ferraillage, - le remblaiement périphérique, y compris le compactage et l'évacuation des matériaux excédentaires aux décharges, Le chargement depuis le dépôt de la collectivité, le transport et le déchargement à pied d'œuvre la mise en place et la fixation du mobilier. | G60: =E60&CHAR(10)&F60 -> POSE DE MOBILIERS FOURNIS Ce prix rémunère à l’unité, la fourniture et pose de mobilier urbain fournis par la collectivité. Ce prix comprend : - le terrassement complémentaire, - la confection des massifs de scellement en béton dosé à 350kg/m3 de ciment CP 45, y compris façon de réservation, tiges et platine de fixation éventuelles ou carottage, ou ferraillage, - le remblaiement périphérique, y compris le compactage et l'évacuation des matériaux excédentaires aux décharges, Le chargement depuis le dépôt de la collectivité, le transport et le déchargement à pied d'œuvre la mise en place et la fixation du mobilier.
A61: =IF(D61="",B61&" "&C61,B61&" "&C61&" "&D61) -> N 14 a | B61: N | C61: 14 | D61: a | E61: mobilier scellé avec 1 point de scellement diametre ou arête < à 150mm | F61: =E61 -> mobilier scellé avec 1 point de scellement diametre ou arête < à 150mm | G61: =F61 -> mobilier scellé avec 1 point de scellement diametre ou arête < à 150mm | H61: L’UNITÉ : | I61: U
A62: =IF(D62="",B62&" "&C62,B62&" "&C62&" "&D62) -> N 14 b | B62: N | C62: 14 | D62: =CHAR(CODE(D61)+1) -> b | E62: mobilier scellé avec 2 points de scellement diametre ou arête < à 150mm | F62: =E62 -> mobilier scellé avec 2 points de scellement diametre ou arête < à 150mm | G62: =F62 -> mobilier scellé avec 2 points de scellement diametre ou arête < à 150mm | H62: L’UNITÉ : | I62: U
A63: =IF(D63="",B63&" "&C63,B63&" "&C63&" "&D63) -> N 14 c | B63: N | C63: 14 | D63: =CHAR(CODE(D62)+1) -> c | E63: plus value au prix N 12 b par point de scellement supplémentaire | F63: =E63 -> plus value au prix N 12 b par point de scellement supplémentaire | G63: =F63 -> plus value au prix N 12 b par point de scellement supplémentaire | H63: L’UNITÉ : | I63: U
A64: =IF(D64="",B64&" "&C64,B64&" "&C64&" "&D64) -> N 14 d | B64: N | C64: 14 | D64: =CHAR(CODE(D63)+1) -> d | E64: mobilier scellé avec 1 point de scellement diametre ou arête > à 150mm | F64: =E64 -> mobilier scellé avec 1 point de scellement diametre ou arête > à 150mm | G64: =F64 -> mobilier scellé avec 1 point de scellement diametre ou arête > à 150mm | H64: L’UNITÉ : | I64: U
A65: =IF(D65="",B65&" "&C65,B65&" "&C65&" "&D65) -> N 14 e | B65: N | C65: 14 | D65: =CHAR(CODE(D64)+1) -> e | E65: mobilier scellé avec 2 points de scellement diametre ou arête > à 150mm | F65: =E65 -> mobilier scellé avec 2 points de scellement diametre ou arête > à 150mm | G65: =F65 -> mobilier scellé avec 2 points de scellement diametre ou arête > à 150mm | H65: L’UNITÉ : | I65: U
A66: =IF(D66="",B66&" "&C66,B66&" "&C66&" "&D66) -> N 14 f | B66: N | C66: 14 | D66: =CHAR(CODE(D65)+1) -> f | E66: plus value au prix N 12 e par point de scellement supplémentaire | F66: =E66 -> plus value au prix N 12 e par point de scellement supplémentaire | G66: =F66 -> plus value au prix N 12 e par point de scellement supplémentaire | H66: L’UNITÉ : | I66: U
A67: =IF(D67="",B67&" "&C67,B67&" "&C67&" "&D67) -> N 14 g | B67: N | C67: 14 | D67: =CHAR(CODE(D66)+1) -> g | E67: mobilier fixé (par platine…) avec 4 points de fixation maximum | F67: =E67 -> mobilier fixé (par platine…) avec 4 points de fixation maximum | G67: =F67 -> mobilier fixé (par platine…) avec 4 points de fixation maximum | H67: L’UNITÉ : | I67: U
A68: =IF(D68="",B68&" "&C68,B68&" "&C68&" "&D68) -> N 14 h | B68: N | C68: 14 | D68: =CHAR(CODE(D67)+1) -> h | E68: mobilier ancré (par tiges filetées…) avec 4 points d'ancrages maximum | F68: =E68 -> mobilier ancré (par tiges filetées…) avec 4 points d'ancrages maximum | G68: =F68 -> mobilier ancré (par tiges filetées…) avec 4 points d'ancrages maximum | H68: L’UNITÉ : | I68: U
A69: =IF(D69="",B69&" "&C69,B69&" "&C69&" "&D69) -> N 15 | B69: N | C69: 15 | G69: =E69&CHAR(10)&F69 | H69: L’UNITE : | I69: U
